 Dungeon Crawl Stone Soup version 0.30.1-5-ged363bc7ee (webtiles) character file.

Game seed: 10787324933186329586

1000643 Kurtz the Conqueror (level 27, 0/172 (199) HPs)
             Began as a Tengu Fighter on Sept 18, 2023.
             Was an Elder of the Shining One.
             Slain by a harpy simulacrum (1 damage)
             ... while petrified by a nargun
             ... on level 4 of Cocytus on Sept 19, 2023.
             The game lasted 04:51:54 (98108 turns).

Kurtz the Conqueror (Tengu Fighter)                Turns: 98108, Time: 04:51:55

HP:   0/172 (199)   AC: 47    Str: 21 (24) XL:     27
MP:   36/41         EV:  2    Int: 18      God:    the Shining One [****..]
Gold: 4181          SH:  0    Dex: 18 (19) Spells: 45/70 levels left

rFire   + . .        i - +9 broad axe (holy)
rCold   + + +        a - +3 tower shield
rNeg    + + +        W - +14 crystal plate armour of the Spheres {rElec rN++ MP-9}
rPois   ∞            M - +3 hat "Mautogre" {Harm rF+ Dex+4}
rElec   +            X - scarf {rC+ rF+}
rCorr   .            j - +1 pair of gloves of Peek-a-Boo {rN+}
SInv    .            (boots unavailable)
Will    ++...        v - amulet of regeneration Stlth
                     l - ring of Wishful Thinking {Ice +Blink Str-2 Int+2 Dex+2}
HPRegen 1.28/turn    R - ring "Mahaif" {rPois rC+ EV+5 Int+2 Dex-2}
MPRegen 0.27/turn

%: harm (+30% outgoing, +20% incoming)
@: divinely shielded, petrified, marked, corroded, flying quickly and evasively,
glowing, heavily drained, unable to drink, quick
A: beak, talons 3, nimble flight, clever 1
}: 4/15 runes: decaying, silver, abyssal, gossamer
a: Renounce Religion, Evoke Blink, Divine Shield, Cleansing Flame


You were on level 4 of Cocytus.
You worshipped the Shining One.
The Shining One was greatly pleased with you.
You visited 14 branches of the dungeon, and saw 56 of its levels.
You visited the Abyss 131 times.
You also visited: Sewer and Bailey.

You collected 10360 gold pieces.
You spent 6102 gold pieces at shops.
You donated 77 gold pieces to Zin.

Inventory:

Hand Weapons
 i - a +9 broad axe of holy wrath (weapon)
Missiles
 P - 2 throwing nets (quivered)
 U - 11 curare-tipped darts
Armour
 a - a +3 tower shield (worn)
 j - the +1 pair of gloves of Peek-a-Boo (worn) {rN+}
   (Okawaru gifted it to you on level 4 of the Depths)

   rN:        It protects you from negative energy.
 C - a +1 cloak of willpower
 J - the +0 hat "Hatu" {Str+3 Int+3}
   (Okawaru gifted it to you on level 4 of the Swamp)

   Str:       It affects your strength (+3).
   Int:       It affects your intelligence (+3).
 M - the +3 hat "Mautogre" (worn) {Harm rF+ Dex+4}
   (Okawaru gifted it to you on level 12 of the Dungeon)

   Dex:       It affects your dexterity (+4).
   rF:        It protects you from fire.
   Harm:      It increases damage dealt and taken.
 W - the +14 crystal plate armour of the Spheres (worn) {rElec rN++ MP-9}
   (Okawaru gifted it to you on level 1 of the Vaults)

   rElec:     It insulates you from electricity.
   rN:        It greatly protects you from negative energy.
   MP:        It affects your magic capacity (-9).
 X - a scarf of resistance (worn)
Jewellery
 e - a ring of protection from fire
 k - a +4 ring of slaying
 l - the ring of Wishful Thinking (left hand) {Ice +Blink Str-2 Int+2 Dex+2}
   (You took it off Josephina on level 2 of the Depths)

   [ring of ice]

   It enhances your ice magic.
   Str:       It affects your strength (-2).
   Int:       It affects your intelligence (+2).
   Dex:       It affects your dexterity (+2).
   rF:        It makes you vulnerable to fire.
   rC:        It protects you from cold.
   +Blink:    It lets you blink.
 n - a ring of protection from fire
 v - an amulet of regeneration (around neck)
 x - a ring of see invisible
 N - the ring "Tausuos" {rPois rCorr Int+6 Dex-3 Stlth+}
   (You took it off a yellow draconian on level 2 of the Realm of Zot)

   [ring of intelligence]

   Int:       It affects your intelligence (+6).
   Dex:       It affects your dexterity (-3).
   rPois:     It protects you from poison.
   rCorr:     It protects you from acid and corrosion.
   Stlth:     It makes you more stealthy.
 O - a ring of protection from cold
 R - the ring "Mahaif" (right hand) {rPois rC+ EV+5 Int+2 Dex-2}
   (You acquired it on level 2 of the Orcish Mines)

   [ring of evasion]

   EV:        It affects your evasion (+5).
   Int:       It affects your intelligence (+2).
   Dex:       It affects your dexterity (-2).
   rC:        It protects you from cold.
   rPois:     It protects you from poison.
 S - a ring of resist corrosion
Wands
 s - a wand of paralysis (49)
 w - a wand of polymorph (14)
 y - a wand of mindburst (76)
 K - a wand of flame (123)
 L - a wand of digging (12)
 T - a wand of light (27)
 V - a wand of roots (83)
Scrolls
 b - 10 scrolls of blinking
 m - 3 scrolls of silence
 o - 27 scrolls of teleportation
 p - 11 scrolls of fog
 q - 12 scrolls of magic mapping
 t - a scroll of butterflies
 u - 10 scrolls of poison
 A - 3 scrolls of immolation
 Q - 12 scrolls of fear
Potions
 c - 5 potions of invisibility
 d - 12 potions of might
 g - 23 potions of curing
 h - 2 potions of berserk rage
 r - 9 potions of magic
 z - 11 potions of mutation {curing}
 E - 8 potions of resistance
 F - 6 potions of cancellation
 G - 5 potions of heal wounds
 H - 9 potions of haste
 Y - 11 potions of brilliance
Miscellaneous
 f - a tin of tremorstones (2/2)
 D - a lightning rod (4/4)
 Z - a piece from Xom's chessboard (15/15)


   Skills:
 O Level 27 Fighting
 - Level 18.0 Axes
 O Level 27 Armour
 O Level 27 Dodging
 O Level 27 Shields
 - Level 22.2 Spellcasting
 - Level 4.9 Necromancy
 - Level 8.0 Translocations
 * Level 18.3 Transmutations
 - Level 15.5 Fire Magic
 * Level 18.4 Earth Magic
 - Level 20.6 Invocations
 - Level 6.4 Evocations


You had 45 spell levels left.
You knew the following spells:

 Your Spells              Type           Power      Damage    Failure   Level
a - Blink                 Tloc           96%        N/A       1%          2
b - Statue Form           Tmut/Erth      48%        N/A       1%          6
c - Passage of Golubria   Tloc           48%        N/A       8%          4
d - Ignite Poison         Fire/Tmut/Pois 57%        N/A       1%          3
e - Ignition              Fire           33%        3d10      94%         8
f - Wereblood             Tmut           72%        N/A       1%          2

Your spell library contained the following spells:

 Spells                   Type           Power      Damage    Failure   Level
 Beastly Appendage        Tmut           100%       N/A       0%          1
 Apportation              Tloc           96%        N/A       1%          1
 Sting                    Tmut/Pois      100%       1d8       1%          1
 Lesser Beckoning         Tloc           96%        N/A       1%          2
 Passwall                 Tmut/Erth      60%        N/A       1%          2
 Spider Form              Tmut/Pois      52%        N/A       1%          3
 Stone Arrow              Conj/Erth      100%       3d13      1%          3
 Petrify                  Tmut/Erth      72%        N/A       1%          4
 Blade Hands              Tmut           36%        N/A       1%          5
 Necrotise                Necr           100%       1d9       2%          1
 Inner Flame              Hex/Fire       47%        N/A       2%          3
 Sublimation of Blood     Necr           37%        N/A       4%          2
 Animate Armour           Summ/Erth      100%       N/A       4%          4
 Ice Form                 Ice/Tmut       68%        N/A       4%          4
 Borgnjor's Vile Clutch   Necr/Erth      29%        N/A       4%          5
 Momentum Strike          Conj/Tloc      68%        3d9       6%          2
 Manifold Assault         Tloc           48%        N/A       8%          4
 Vampiric Draining        Necr           37%        2d8       9%          3
 Flame Wave               Conj/Fire      47%        2d12      9%          4
 Sticky Flame             Conj/Fire      47%        2d6       9%          4
 Vhi's Electric Charge    Tloc/Air       68%        N/A       13%         3
 Alistair's Intoxication  Tmut/Pois      34%        N/A       14%         5
 Irradiate                Conj/Tmut      26%        3d20      14%         5
 Yara's Violent Unravell  Hex/Tmut       26%        3d11      14%         5
 Cigotuvi's Dreadful Rot  Necr/Pois/Air  52%        N/A       17%         2
 Freeze                   Ice            100%       1d10      22%         1
 Magic Dart               Conj           80%        1d7       22%         1
 Fireball                 Conj/Fire      23%        3d11      26%         5
 Animate Dead             Necr           37%        N/A       28%         4
 Dispel Undead            Necr           37%        3d15      28%         4
 Call Imp                 Summ           40%        N/A       32%         2
 Ensorcelled Hibernation  Hex/Ice        60%        N/A       32%         2
 Poisonous Vapours        Pois/Air       40%        N/A       32%         2
 Searing Ray              Conj           40%        2d5       32%         2
 Static Discharge         Conj/Air       40%        2-4/arc   32%         2
 Iskenderun's Mystic Bla  Conj/Tloc      34%        2d8       38%         4
 Frozen Ramparts          Ice            60%        1d10      54%         3
 Hailstorm                Conj/Ice       30%        3d8       54%         3
 Mephitic Cloud           Conj/Pois/Air  20%        N/A       54%         3
 Swiftness                Air            20%        N/A       54%         3
 Tukima's Dance           Hex            20%        N/A       54%         3
 Iron Shot                Conj/Erth      26%        9d6       58%         6
 Anguish                  Hex/Necr       14%        N/A       61%         4
 Agony                    Necr           37%        N/A       61%         5
 Eringya's Noxious Bog    Tmut/Pois      26%        N/A       61%         6
 Summon Forest            Summ/Tloc      17%        N/A       75%         5
 Dispersal                Tloc           24%        N/A       77%         6
 Plasma Beam              Fire/Air       23%        2x1d39    80%         6
 Starburst                Conj/Fire      23%        6d8       80%         6
 Airstrike                Air            10%        2d(2-18)  91%         4
 Cause Fear               Hex            10%        N/A       91%         4
 Fulminant Prism          Conj/Hex       10%        3d9       91%         4
 Olgreb's Toxic Radiance  Pois           20%        N/A       91%         4
 Summon Ice Beast         Ice/Summ       30%        N/A       91%         4
 Summon Lightning Spire   Summ/Air       20%        N/A       91%         4
 Arcjolt                  Conj/Air       10%        1d20      99%         5
 Freezing Cloud           Conj/Ice/Air   15%        6-21      99%         5
 Iskenderun's Battlesphe  Conj           20%        2d7       99%         5
 Metabolic Englaciation   Hex/Ice        15%        N/A       99%         5
 Silence                  Hex/Air        10%        N/A       99%         5
 Summon Mana Viper        Hex/Summ       20%        N/A       99%         5
 Death Channel            Necr           18%        N/A       99%         6
 Storm Form               Tmut/Air       26%        N/A       99%         7
 Simulacrum               Ice/Necr       21%        N/A       100%        6
 Enfeeble                 Hex            10%        N/A       100%        7
 Monstrous Menagerie      Summ           10%        N/A       100%        7
 Ozocubu's Refrigeration  Ice            15%        4d10      100%        7
 Summon Hydra             Summ           10%        N/A       100%        7
 Borgnjor's Revivificati  Necr           18%        N/A       100%        8
 Disjunction              Tloc           24%        N/A       100%        8
 Lehudib's Crystal Spear  Conj/Erth      26%        10d7      100%        8
 Maxwell's Capacitive Co  Air            10%        ∞         100%        8
 Necromutation            Tmut/Necr      29%        N/A       100%        8
 Death's Door             Necr           18%        N/A       100%        9
 Fire Storm               Conj/Fire      23%        8d6       100%        9
 Polar Vortex             Ice            15%        N/A       100%        9


Dungeon Overview and Level Annotations

Branches:
Dungeon (15/15)            Temple (1/1) D:7            Lair (5/5) D:8
  Swamp (4/4) Lair:2       Spider (4/4) Lair:2        Slime (0/5) Lair:5
    Orc (2/2) D:9             Elf (3/3) Orc:2        Vaults (5/5) D:14
  Crypt (3/3) Vaults:2       Tomb (1/3) Crypt:3      Depths (4/4) D:15
   Hell (visited)             Dis (0/7) Hell            Geh (0/7) Hell
    Coc (4/7) Hell            Tar (0/7) Hell            Zot (4/5) Depths:4
  Sewer (visited)          Bailey (visited)

Altars:
Ashenzari
Cheibriados
Dithmenos
Elyvilon
Fedhas
Gozag
Hepliaklqana
Kikubaaqudgha
Makhleb
Nemelex Xobeh
Okawaru
Qazlal
Ru
Sif Muna
Trog
Uskayaw
Vehumet
Wu Jian
Xom
Yredelemnul
Zin
The Shining One
Jiyva

Shops:
D:10 :   Orc:1 (   Orc:2 !?[((   Elf:1 *   Elf:2 [   Vaults:2 [![*!
Depths:1 ::!

Portals:
Hell: Depths:1 Depths:2 Depths:3 Depths:4
Abyss: Depths:1 Depths:3 Depths:4
Pandemonium: Depths:2*
Ziggurat: Depths:4

Annotations:
D:10 exclusion: orange crystal statue
Crypt:1 2 transporters, exclusion: orange crystal statue, Ciwiv's ghost, veteran FoFi; Kucw's ghost, adept GrFi; Ulecsuczon's ghost, veteran MiGl


Innate Abilities, Weirdness & Mutations

You have a beak for a mouth.
You have claws for feet.
Your magical nature lets you fly swiftly and evasively.
Your mind is acute. (Int +4, Str/Dex -1)


Message History

* * * LOW HITPOINT WARNING * * *
The harpy simulacrum claws you but does no damage.
The harpy simulacrum claws you but does no damage. x2
The harpy simulacrum claws you.
* * * LOW HITPOINT WARNING * * *
The harpy simulacrum freezes you. You resist.
* * * LOW HITPOINT WARNING * * *
The harpy simulacrum claws you but does no damage. x3
You resist with significant effort. The nargun hits you.
* * * LOW HITPOINT WARNING * * *
The nargun bites you but does no damage.
The wendigo gestures.
The ettin simulacrum collapses into a mass of ice!
The mass of ice explodes!
The seracfall engulfs the harpy simulacrum!!
The harpy simulacrum partially resists.
The harpy simulacrum vaporises!
The seracfall engulfs the harpy simulacrum!
The harpy simulacrum partially resists.
The seracfall engulfs the harpy simulacrum!
The harpy simulacrum partially resists.
The seracfall engulfs you! You partially resist.
* * * LOW HITPOINT WARNING * * *
The harpy simulacrum claws you but does no damage. x3
The harpy simulacrum claws you. The harpy simulacrum freezes you. You resist.
* * * LOW HITPOINT WARNING * * *
The harpy simulacrum claws you but does no damage. x4
A shard shrike simulacrum comes into view.
The harpy simulacrum claws you but does no damage. x2
The nargun hits you but does no damage.
The nargun bites you but does no damage.
The harpy simulacrum claws you but does no damage. x4
An elemental wellspring comes into view.
The harpy simulacrum claws you!
* * * LOW HITPOINT WARNING * * *
The harpy simulacrum freezes you. You resist.
* * * LOW HITPOINT WARNING * * *
The harpy simulacrum claws you but does no damage. x6
The harpy simulacrum claws you.
You die...

≈≈≈.≈≈≈≈≈≈E
≈≈.≈≈≈≈≈≈≈
≈≈.≈≈≈≈≈≈#
##≈..≈≈≈≈≈#
##≈≈Z.>≈≈≈≈#
##≈≈≈Z....≈≈≈
###≈≈≈99≈≈≈....
#≈≈≈≈..@≈≈≈≈≈≈.
≈≈≈^..ZZZ≈≈≈≈≈≈
≈≈≈≈≈≈≈.≈≈≈≈≈≈≈
≈≈≈≈≈≈≈°≈≈≈≈≈≈≈
###≈≈≈≈.≈≈≈≈≈≈≈
#≈≈≈≈.≈≈≈≈≈≈≈
#≈≈≈≈.R≈≈≈≈≈≈≈
#≈≈≈≈..≈≈≈≈≈≈≈
≈≈≈≈≈...R≈≈≈≈≈≈


You could see a wendigo, an elemental wellspring, 2 narguns, 3 harpy simulacra,
a caustic shrike simulacrum and a shard shrike simulacrum.

Vanquished Creatures
  11 dread liches
  Mennas (Depths:4)
  8 ancient liches
  Josephina (Depths:2)
  Boris (twice) (Vaults:4 Depths:3)
  Sojobo (Depths:1)
  Bai Suzhen (Vaults:3)
  A curse toe (Zot:3)
  12 golden dragons
  Geryon (Hell)
  Nikola (Swamp:2)
  the Enchantress (Depths:4)
  18 profane servitors
  A pearl dragon (Abyss:3)
  Arachne (Spider:4)
  56 bone dragons
  2 doom hounds (Depths:3)
  27 tentacled monstrosities
  2 shard shrike zombies
  6 hellephants
  7 Hell Sentinels
  4 electric golems
  A walking crystal tome (Abyss:5)
  5 shard shrike skeletons
  Zenata (Vaults:4)
  Grunn (Depths:3)
  8 deep elf blademasters
  25 liches
  14 titans
  A walking divine tome (Abyss:5)
  3 walking frostbound tomes
  7 quicksilver dragons
  2 acid blobs (Abyss:5)
  6 deep elf master archers
  20 Executioners
  9 shadow dragons
  5 death cobs
  14 sphinxes
  6 ancient champions
  220 tentacled starspawn
  Roxanne (Spider:4)
  Kirke (D:14)
  10 storm dragons
  Donald (Spider:3)
  7 tengu reavers
  5 draconian monks
  8 revenants
  14 frost giants
  19 fire giants
  An iron dragon (Vaults:5)
  7 daevas
  4 draconian knights
  A nargun (Abyss:4)
  A quicksilver elemental (Abyss:4)
  23 vault wardens
  12 deep elf sorcerers
  Louise (Spider:4)
  6 draconian scorchers
  Aizul (Spider:4)
  An orc warlord (Vaults:4)
  5 curse skulls
  2 shard shrike simulacra
  10 emperor scorpions
  5 spectral caustic shrikes (Depths:4)
  10 ghost moths
  3 caustic shrike zombies
  8 deep elf elementalists
  13 ghouls
  4 draconian stormcallers
  13 balrugs
  5 angels
  The ghost of ggurman the Bludgeoner, a journeyman MiFi of Okawaru (Orc:1)
  2 broodmothers
  4 juggernaut zombies
  12 cacodemons
  9 reapers
  2 demonspawn corrupters
  8 draconian shifters
  3 spriggan defenders (Depths:4)
  22 ironbound preservers
  3 war gargoyles
  29 stone giants
  2 juggernaut skeletons
  4 draconian annihilators
  13 ironbound thunderhulks
  89 very ugly things
  5 ophanim (Abyss:4)
  6 eleionomae
  3 caustic shrike skeletons
  2 putrid mouths (Depths:3)
  A demonspawn black sun (Zot:2)
  6 black draconians
  8 deep elf demonologists
  3 starflowers
  A wendigo (Coc:1)
  12 vampire knights
  The ghost of Iziluk the Carver, a journeyman DsAr of Qazlal (Lair:5)
  A green draconian (Abyss:4)
  6 spark wasps
  13 lorocyprocas
  2 bennus (Tomb:1)
  14 dire elephants
  11 red draconians
  4 bunyips
  3 purple draconians
  5 white draconians
  11 deep elf annihilators
  8 yellow draconians
  2 iron golems (Depths:1)
  10 eidola
  11 crystal guardians
  13 blizzard demons
  19 green deaths
  5 fire dragons
  9 ettins
  8 deep elf death magi
  3 merfolk impalers
  A merfolk javelineer (Depths:4)
  11 yaktaur captains
  14 jiangshi
  3 mummy priests (Tomb:1)
  11 deep elf high priests
  A kraken zombie (Hell)
  4 spriggan zombies
  2 quicksilver dragon zombies
  Fannar (D:10)
  30 rakshasas
  8 entropy weavers
  25 great orbs of eyes
  8 ice dragons
  2 caustic shrike simulacra
  A fenstrider witch zombie (Hell)
  6 spriggan air magi
  2 ghost crabs
  4 jorogumos
  35 vault guards
  3 juggernaut simulacra
  6 peacekeepers
  4 radroaches
  An ogre mage (Vaults:5)
  10 hydras
  11 ironbound frosthearts
  2 spriggan skeletons
  17 centaur warriors
  A catoblepas (Lair:5)
  5 boulder beetles
  6 death knights
  28 dancing weapons
  A fenstrider witch skeleton (Crypt:1)
  4 deep troll shamans
  6 tengu warriors
  Erica (Lair:2)
  5 naga warriors
  13 alligators
  3 death yaks (Lair:5)
  293 thrashing horrors
  2 two-headed ogres
  An azure jelly zombie (Crypt:2)
  6 deep troll earth magi
  46 hell hogs
  14 vampire magi
  4 titan zombies
  6 spriggan berserkers
  An emperor scorpion zombie (Crypt:1)
  12 hell knights
  16 spriggans
  2 crystal echidnas
  36 sun demons
  Amaemon (D:8)
  411 large abominations
  A shock serpent (shapeshifter) (Abyss:4)
  6 soul eaters
  A titan skeleton (Abyss:2)
  23 deep elf knights
  4 iron trolls
  173 wretched stars
  2 pharaoh ants
  31 sixfirhies
  35 skeletal warriors
  A salamander mystic (Depths:1)
  22 spatial maelstroms
  6 anaconda zombies
  3 sun moths
  3 death drakes
  5 swamp dragons (Swamp:4)
  25 glowing orange brains
  12 shadow wraiths
  A golden dragon zombie (Vaults:4)
  4 goliath frogs
  8 orb spiders
  A swamp dragon (shapeshifter) (Vaults:5)
  14 wizards
  6 spriggan druids
  12 deep elf archers
  14 flayed ghosts
  A naga ritualist (Abyss:4)
  7 shadow demons
  2 orange crystal statues (Hell)
  8 bog bodies
  46 deep trolls
  3 spriggan simulacra
  4 anaconda skeletons
  A quicksilver dragon simulacrum (Coc:3)
  32 deep elf pyromancers
  9 lindwurms
  A wolf spider zombie (Crypt:1)
  8 harpies
  2 fenstrider witch simulacra
  18 ironbound convokers
  14 phantasmal warriors
  A frost giant zombie (Crypt:1)
  11 steelbarb worms
  13 orc knights
  An iron dragon zombie (Hell)
  A stone giant zombie (Crypt:1)
  4 mana vipers
  A lindwurm (shapeshifter) (Depths:3)
  15 necromancers
  30 deep elf zephyrmancers
  7 orc sorcerers
  23 wolf spiders
  62 ugly things
  6 salamanders
  6 shining eyes
  2 mana vipers (shapeshifter)
  14 will-o-the-wisps
  A faun (shapeshifter) (Abyss:2)
  5 oklob plants
  16 moths of wrath
  A fire giant zombie (Crypt:2)
  14 elephants
  Maurice (D:8)
  4 manticores
  Joseph (D:10)
  2 cyclopes
  6 black mambas
  2 elephants (shapeshifter)
  A merfolk siren (Abyss:4)
  A wolf spider (shapeshifter) (Abyss:2)
  An orc zombie (Crypt:3)
  42 worldbinders
  27 vault sentinels
  4 dire elephant zombies
  A titan simulacrum (Coc:3)
  2 iron dragon skeletons
  5 rust devils
  21 demonic crawlers
  139 smoke demons
  2 naga zombies
  A fire giant skeleton (Crypt:2)
  34 orange demons
  4 gargoyles
  18 cane toads
  6 naga magi
  5 eyes of devastation
  3 centaur skeletons (Crypt:3)
  A black mamba (shapeshifter) (Abyss:4)
  2 cane toads (shapeshifter)
  11 guardian serpents
  A storm dragon simulacrum (Crypt:2)
  A torpor snail (shapeshifter) (Vaults:4)
  4 torpor snails
  32 apocalypse crabs
  3 dire elephant skeletons
  3 kobold demonologists
  25 freezing wraiths
  A sea snake zombie (Crypt:3)
  7 unseen horrors
  2 rime drakes (shapeshifter)
  An unseen horror (shapeshifter) (Abyss:4)
  Psyche (D:10)
  A grey draconian zombie (Crypt:3)
  35 yaktaurs
  3 yaktaurs (shapeshifter)
  6 naga skeletons
  A komodo dragon (shapeshifter) (Abyss:4)
  8 rime drakes (Lair:5)
  25 efreet
  An elephant slug zombie (Crypt:2)
  A yellow draconian skeleton (Crypt:3)
  A golden dragon simulacrum (Depths:2)
  7 komodo dragons
  A redback zombie (Crypt:1)
  15 hellions
  146 ancient zymes
  7 guardian mummies
  9 tormentors
  6 silent spectres
  3 tengu conjurers
  2 human skeletons
  A troll (shapeshifter) (Abyss:2)
  A yaktaur skeleton (Vaults:3)
  4 ice devils
  2 anaconda simulacra
  A black draconian skeleton (Crypt:2)
  3 meliai (Spider:3)
  A merfolk (D:14)
  A red devil (Abyss:3)
  9 tyrant leeches
  3 harpy zombies
  A polar bear (shapeshifter) (Abyss:4)
  A hydra zombie (Hell)
  8 hornets
  7 trolls
  37 hellwings
  34 tarantellas
  Grinder (D:3)
  A wind drake (Abyss:4)
  A dream sheep (shapeshifter) (Depths:2)
  Prince Ribbit (D:8)
  10 polar bears
  2 sphinx simulacra (Depths:2)
  2 tarantellas (shapeshifter)
  An alligator zombie (Hell)
  60 blink frogs
  8 harpy skeletons
  A fire dragon zombie (Crypt:3)
  11 dream sheep (Lair:5)
  393 raiju
  A human simulacrum (Vaults:3)
  53 slime creatures
  29 jumping spiders
  A stone giant simulacrum (Hell)
  3 centaur simulacra
  9 air elementals
  71 flying skulls
  13 shadows
  2 dire elephant simulacra
  Eustachio (D:6)
  4 ettin skeletons
  15 vampires
  A culicivora (shapeshifter) (Abyss:4)
  3 spriggans (shapeshifter)
  13 water elementals
  2 guardian serpent skeletons (Crypt:2)
  93 ynoxinuls
  A human (shapeshifter) (Abyss:3)
  25 culicivoras
  2 ushabtiu (Tomb:1)
  33 yaks
  18 wraiths
  2 wyverns (shapeshifter)
  4 humans (D:14)
  A fire elemental (Abyss:3)
  22 fire bats
  A yak (shapeshifter) (Abyss:4)
  47 golden eyes
  A golden eye (shapeshifter) (Abyss:2)
  2 hogs (D:14)
  3 vampire mosquitoes (Swamp:2)
  4 wyverns
  84 neqoxecs
  A steam dragon (shapeshifter) (Abyss:4)
  3 steam dragons
  66 redbacks
  An alligator snapping turtle simulacrum (Abyss:3)
  Edmund (D:5)
  16 wargs
  5 basilisks
  75 chaos spawn
  A demonspawn zombie (Crypt:3)
  2 redbacks (shapeshifter) (Vaults:5)
  14 swamp worms
  38 spatial vortices
  8 nagas
  11 water moccasins
  An acid dragon (D:9)
  8 harpy simulacra
  A hydra simulacrum (Abyss:5)
  39 hell hounds
  41 orc warriors
  13 black bears
  4 sky beasts
  A sky beast (shapeshifter) (Abyss:5)
  An ice dragon simulacrum (Abyss:2)
  2 swamp drakes
  4 ice beasts
  A black bear (shapeshifter) (Abyss:4)
  5 ogres
  25 wolves
  8 boggarts
  7 centaurs
  2 ettin simulacra (Coc:1)
  2 phantoms
  705 starcursed masses
  A manticore skeleton (Crypt:3)
  8 kobold brigands
  A salamander zombie (Crypt:1)
  225 small abominations
  2 necrophages
  10 bullfrogs
  6 scorpions
  3 gnoll sergeants
  15 earth elementals
  An elf skeleton (Crypt:1)
  16 wights
  A vampire bat (D:3)
  A yak skeleton (Crypt:2)
  An electric eel (Lair:1)
  A howler monkey (D:4)
  A lava snake (D:9)
  16 crimson imps
  5 centaur zombies
  21 quasits
  3 hounds
  5 jellies
  19 orc priests
  A gnoll bouda (D:6)
  30 iron imps
  Crazy Yiuf (D:4)
  A bullfrog skeleton (Crypt:3)
  A scorpion zombie (Crypt:3)
  Terence (D:2)
  2 iguanas
  A sleepcap (D:6)
  17 orc wizards
  A black bear skeleton (Crypt:1)
  A lightning spire (Zot:3)
  An acid dragon skeleton (Crypt:1)
  9 mummies
  A howler monkey zombie (D:8)
  28 gnolls
  7 adders
  A river rat (Sewer)
  13 shadow imps
  38 white imps
  16 ufetubi
  An adder skeleton (Crypt:3)
  4 worms
  2 dart slugs
  106 orcs
  9 spectral bats (Abyss:4)
  19 bats
  16 endoplasms
  5 giant cockroaches
  15 goblins
  11 hobgoblins
  7 quokkas
  3 training dummies (Orc:1)
  11 ball pythons
  3 bat simulacra (Abyss:4)
  5 frilled lizards
  A frilled lizard skeleton (Crypt:2)
  A gnoll skeleton (Crypt:2)
  A goblin skeleton (Crypt:3)
  A hobgoblin zombie (Crypt:1)
  40 kobolds
  A kobold zombie (Crypt:1)
  4 rats
  2 butterflies (Lair:1)
  2 fire vortices
  20 lurking horrors
  234 starspawn tentacles
7119 creatures vanquished.

Vanquished Creatures (collateral kills)
  An orb of fire (Zot:2)
  A quicksilver dragon (Zot:2)
  A draconian scorcher (Zot:2)
  A demonspawn black sun (Zot:2)
  A fire dragon (Zot:2)
5 creatures vanquished.

Vanquished Creatures (others)
  2 tentacled starspawn
  A shard shrike simulacrum (Abyss:4)
  An eidolon (Abyss:4)
  A juggernaut simulacrum (Coc:1)
  A thrashing horror (Abyss:4)
  2 wretched stars (Abyss:4)
  3 large abominations
  A vault sentinel (Vaults:2)
  A hellion (Abyss:4)
  An unseen horror (Abyss:4)
  An ancient zyme (Abyss:4)
  An anaconda simulacrum (Coc:1)
  2 bloated husks (Swamp:4)
  A blink frog (Abyss:4)
  4 raiju
  2 ynoxinuls (Abyss:4)
  A jumping spider (shapeshifter) (Abyss:4)
  2 water elementals (Depths:1)
  A redback (Spider:1)
  A golden eye (Abyss:5)
  2 harpy simulacra
  5 small abominations
  A neqoxec (Abyss:4)
  An ettin simulacrum (Coc:4)
  A boggart (Vaults:4)
  A white imp (Abyss:4)
  An ufetubus (Abyss:4)
  3 orcs (D:7)
  28 foxfires
  20 lurking horrors
  275 starspawn tentacles
  4 tentacles (Hell)
372 creatures vanquished.

Grand Total: 7496 creatures vanquished

Notes
Turn   | Place    | Note
-------+----------+-------------------------------------------
     0 | D:1      | Kurtz the Tengu Fighter began the quest for the Orb.
     0 | D:1      | Reached XP level 1. HP: 14/14 MP: 2/2
    42 | D:1      | Found a faded altar of an unknown god.
   166 | D:1      | Reached XP level 2. HP: 19/19 MP: 3/3
   502 | D:1      | Reached XP level 3. HP: 23/23 MP: 4/4
   910 | D:2      | Noticed Terence
   915 | D:2      | Killed Terence
   917 | D:2      | Reached XP level 4. HP: 14/28 MP: 5/5
  1762 | D:3      | Reached skill level 5 in Axes
  1762 | D:3      | Gained mutation: Your magical nature lets you fly swiftly
                  | and evasively. [Tengu growth]
  1762 | D:3      | Reached XP level 5. HP: 32/32 MP: 6/6
  2235 | D:3      | Noticed a phantom
  2249 | D:3      | Killed a phantom
  2265 | D:3      | Noticed Grinder
  2275 | D:3      | Killed Grinder
  2276 | D:3      | Reached XP level 6. HP: 23/37 MP: 7/7
  2588 | D:4      | Reached XP level 7. HP: 41/41 MP: 8/8
  2880 | D:4      | Found an iron altar of Okawaru.
  2897 | D:4      | Became a worshipper of Warmaster Okawaru
  3008 | D:4      | Found a runed translucent door.
  3009 | D:4      | Noticed Crazy Yiuf
  3099 | D:5      | Entered Level 5 of the Dungeon
  3115 | D:5      | Reached XP level 8. HP: 46/46 MP: 9/9
  3508 | D:5      | Reached * piety under Okawaru
  3624 | D:5      | Reached skill level 1 in Invocations
  3752 | D:5      | Reached skill level 10 in Axes
  3752 | D:5      | Reached skill level 1 in Dodging
  4046 | D:5      | Found a stormy altar of Qazlal.
  4327 | D:5      | Noticed Edmund
  4338 | D:5      | Killed Edmund
  4527 | D:6      | Reached ** piety under Okawaru
  4538 | D:6      | Found a glowing drain.
  4624 | Sewer    | Entered a sewer
  4655 | Sewer    | Reached XP level 9. HP: 52/52 MP: 11/11
  5237 | D:6      | Found a broken altar of Ashenzari.
  5244 | D:6      | Noticed Eustachio
  5273 | D:6      | Killed Eustachio
  5274 | D:6      | Reached skill level 5 in Fighting
  5591 | D:6      | Found a sparkling altar of Nemelex Xobeh.
  5883 | D:7      | Reached *** piety under Okawaru
  5947 | D:7      | Found a shimmering altar of Xom.
  5947 | D:7      | Found a shimmering altar of Xom.
  5948 | D:7      | Found a shimmering altar of Xom.
  5948 | D:7      | Found a shimmering altar of Xom.
  5993 | D:7      | Found a shimmering altar of Xom.
  5993 | D:7      | Found a shimmering altar of Xom.
  5995 | D:7      | Found a shimmering altar of Xom.
  6011 | D:7      | Found a shimmering blue altar of Sif Muna.
  6232 | D:7      | Found a staircase to the Ecumenical Temple.
  6292 | D:7      | Found a sacrificial altar of Ru.
  6410 | D:7      | Reached XP level 10. HP: 60/60 MP: 13/13
  6476 | D:7      | Reached **** piety under Okawaru
  6753 | D:8      | Found a staircase to the Lair.
  6755 | D:8      | Noticed Amaemon
  7080 | D:8      | Found an ancient bone altar of Kikubaaqudgha.
  7341 | D:8      | Noticed Maurice
  7354 | D:8      | Killed Maurice
  7407 | D:8      | Noticed an orange demon
  7417 | D:8      | Killed Amaemon
  7419 | D:8      | HP: 2/61 [orange demon[Amaemon] (2)]
  7437 | D:8      | Killed an orange demon
  7533 | D:8      | Reached ***** piety under Okawaru
  7622 | D:8      | Found a snail-covered altar of Cheibriados.
  7879 | D:8      | Found a basalt altar of Yredelemnul.
  8176 | D:8      | Noticed Prince Ribbit
  8185 | D:8      | Killed Prince Ribbit
  8309 | D:9      | Found a flagged portal.
  8332 | D:9      | Reached XP level 11. HP: 35/67 MP: 13/15
  8381 | Bailey   | Entered a bailey
  8408 | Bailey   | Found the +11 plutonium sword {Contam Stlth-}
  8504 | Bailey   | Noticed an orc knight
  8569 | Bailey   | Killed an orc knight
  8829 | D:9      | Found a white marble altar of Elyvilon.
  8978 | D:9      | Reached skill level 15 in Axes
  8979 | D:9      | Noticed a deep elf pyromancer
  8982 | D:9      | Killed a deep elf pyromancer
  8983 | D:9      | Reached skill level 5 in Shields
  8994 | D:9      | Noticed a deep elf pyromancer
  9000 | D:9      | Killed a deep elf pyromancer
  9001 | D:9      | Identified the +1 hat "Ucercha" {Stlth+}
  9119 | D:9      | Reached ****** piety under Okawaru
  9251 | D:9      | Found a staircase to the Orcish Mines.
  9458 | D:9      | Received a gift from Okawaru
  9490 | D:10     | Entered Level 10 of the Dungeon
  9535 | D:10     | Noticed Psyche
  9545 | D:10     | Killed Psyche
  9671 | D:10     | Noticed Joseph
  9682 | D:10     | Killed Joseph
  9847 | D:10     | Identified a scroll of acquirement
  9871 | D:10     | Noticed Fannar
 10108 | D:10     | Killed Fannar
 10164 | D:10     | Noticed a two-headed ogre
 10219 | D:10     | Killed a two-headed ogre
 10220 | D:10     | Reached skill level 5 in Invocations
 10289 | D:10     | Found Onoity's Vocational Training.
 10432 | D:10     | Noticed an orange crystal statue
 10827 | D:11     | Reached XP level 12. HP: 63/75 MP: 15/17
 10871 | D:11     | Found a sacrificial altar of Ru.
 10911 | D:11     | Noticed a two-headed ogre
 10935 | D:11     | Killed a two-headed ogre
 11312 | D:12     | Identified the +3 hat "Mautogre" {Harm rF+ Dex+4} (Okawaru
                  | gifted it to you on level 12 of the Dungeon)
 11312 | D:12     | Received a gift from Okawaru
 11970 | Lair:1   | Entered Level 1 of the Lair of Beasts
 11991 | Lair:1   | Reached skill level 10 in Fighting
 12001 | Lair:1   | Acquired a manual of Fighting
 12003 | Lair:1   | Acquired the +16 crystal plate armour of the Game of Kings
                  | {Slay+2}
 12794 | Lair:2   | Found a bloodstained altar of Trog.
 12852 | Lair:2   | Noticed Erica
 12860 | Lair:2   | Killed Erica
 12861 | Lair:2   | Reached XP level 13. HP: 83/85 MP: 16/18
 12888 | Lair:2   | Found a staircase to the Swamp.
 12918 | Lair:2   | Found a hole to the Spider Nest.
 13339 | Lair:3   | Identified the +1 robe "Imyiggir" {rN+++ Will+++ Dex-2}
                  | (Okawaru gifted it to you on level 3 of the Lair of Beasts)
 13339 | Lair:3   | Received a gift from Okawaru
 13731 | D:13     | Reached skill level 5 in Armour
 14853 | D:14     | Noticed Kirke
 14863 | D:14     | Killed Kirke
 14905 | D:14     | Found a gate to the Vaults.
 14958 | D:14     | Identified the +1 pair of gloves of the Pleiades {*Corrode
                  | rC+ MP+9 Int+5} (Okawaru gifted it to you on level 14 of
                  | the Dungeon)
 14958 | D:14     | Received a gift from Okawaru
 15183 | D:14     | Reached skill level 10 in Shields
 15435 | D:14     | Reached XP level 14. HP: 79/96 MP: 20/20
 15700 | Orc:1    | Entered Level 1 of the Orcish Mines
 15724 | Orc:1    | Acquired a manual of Armour
 15803 | Orc:2    | Entered Level 2 of the Orcish Mines
 15960 | Orc:2    | Reached skill level 15 in Fighting
 16030 | Orc:2    | Found Udyed's Magic Scroll Shoppe.
 16059 | Orc:2    | Found Mufamoest's Distillery.
 16134 | Orc:2    | Found a staircase to the Elven Halls.
 16303 | Orc:1    | Found Cicvi's Firing Range.
 16376 | Orc:1    | Paralysed by an orc sorcerer for 3 turns
 16445 | Orc:1    | Found a runed translucent door.
 16458 | Orc:1    | Found a shimmering altar of Xom.
 16458 | Orc:1    | Noticed ggurman's ghost (journeyman MiFi)
 16804 | Orc:2    | Found Gasiqum's Armour Shoppe.
 16815 | Orc:2    | Paralysed by an orc sorcerer for 3 turns
 16915 | Orc:2    | Identified the +7 hand axe "Idyesme" {speed, Dex+3 SInv}
                  | (Okawaru gifted it to you on level 2 of the Orcish Mines)
 16915 | Orc:2    | Received a gift from Okawaru
 16939 | Orc:2    | Found Hockozet's Weapon Shoppe.
 16939 | Orc:2    | Found Sown's Antique Weapon Shop.
 17280 | Spider:1 | Entered Level 1 of the Spider Nest
 17419 | Lair:2   | Killed a ghost moth
 17663 | Elf:1    | Entered Level 1 of the Elven Halls
 17773 | Elf:1    | Found Juler's General Store.
 17781 | Elf:1    | Bought a +1 cloak of willpower for 297 gold pieces
 17912 | Elf:1    | Paralysed by an air elemental for 1 turns
 18316 | D:15     | Entered Level 15 of the Dungeon
 18419 | D:15     | Reached skill level 5 in Dodging
 18429 | D:15     | Reached skill level 10 in Armour
 18732 | D:14     | Acquired a +4 ring of slaying
 18807 | D:15     | Reached XP level 15. HP: 104/105 MP: 22/22
 18967 | D:15     | Identified the +1 robe "Sinyrar" {rElec rCorr Str+2}
                  | (Okawaru gifted it to you on level 15 of the Dungeon)
 18967 | D:15     | Received a gift from Okawaru
 19063 | D:15     | Found a staircase to the Depths.
 19109 | D:15     | Found a bloodstained altar of Trog.
 19359 | Swamp:1  | Entered Level 1 of the Swamp
 19493 | Swamp:1  | Acquired the +4 broad axe of Bankruptcy {flame, Int+4
                  | Stlth+}
 20135 | Swamp:2  | Noticed Nikola
 20148 | Swamp:2  | Killed Nikola
 20598 | Swamp:3  | Received a gift from Okawaru
 20859 | Swamp:3  | Identified the +6 hand axe of the Enormous God {freeze,
                  | Int+2 Dex+3} (Okawaru gifted it to you on level 3 of the
                  | Swamp)
 20859 | Swamp:3  | Received a gift from Okawaru
 21154 | Swamp:4  | Entered Level 4 of the Swamp
 21197 | Swamp:3  | Reached XP level 16. HP: 88/111 MP: 24/24
 21231 | Swamp:4  | Reached skill level 10 in Invocations
 21498 | Swamp:4  | Identified the +0 hat "Hatu" {Str+3 Int+3} (Okawaru gifted
                  | it to you on level 4 of the Swamp)
 21498 | Swamp:4  | Received a gift from Okawaru
 21730 | Swamp:4  | Reached skill level 15 in Armour
 21810 | Swamp:4  | Noticed a tentacled monstrosity
 21818 | Swamp:4  | Killed a tentacled monstrosity
 21864 | Swamp:4  | Got a decaying rune of Zot
 23023 | Spider:1 | Identified the +3 scale mail of the Grinning Gods {-Tele
                  | rF+ MP+9 Str+3} (Okawaru gifted it to you on level 1 of the
                  | Spider Nest)
 23023 | Spider:1 | Received a gift from Okawaru
 23539 | Orc:2    | Bought a +2 kite shield for 247 gold pieces
 24395 | Spider:2 | Reached XP level 17. HP: 91/116 MP: 25/25
 25580 | Spider:4 | Entered Level 4 of the Spider Nest
 25706 | Spider:2 | Received a gift from Okawaru
 26135 | Spider:3 | Noticed Donald
 26146 | Spider:3 | Killed Donald
 26446 | Spider:3 | Gained mutation: Your system is resistant to poisons.
                  | (rPois) [mutagenic glow]
 26735 | Spider:3 | Reached skill level 10 in Dodging
 26773 | Spider:4 | Identified Roxanne's Thoughts on the Shift
 26773 | Spider:4 | Noticed Roxanne
 26813 | Spider:4 | Noticed Louise
 26825 | Spider:4 | Killed Louise
 26941 | Spider:4 | Noticed Aizul
 26962 | Spider:4 | Killed Aizul
 27025 | Spider:4 | Reached XP level 18. HP: 122/122 MP: 26/26
 27080 | Spider:4 | Received a gift from Okawaru
 27162 | Spider:4 | Reached skill level 15 in Shields
 27244 | Spider:4 | Killed Roxanne
 27320 | Spider:4 | Noticed Arachne
 27337 | Spider:4 | Killed Arachne
 27532 | Spider:4 | Got a gossamer rune of Zot
 28018 | Elf:1    | Identified the +1 scale mail of the Worm {rCorr Dex+5}
 28159 | Orc:2    | Bought 3 scrolls of acquirement for 2028 gold pieces
 28159 | Orc:2    | Acquired the ring "Mahaif" {rPois rC+ EV+5 Int+2 Dex-2}
 28160 | Orc:2    | Acquired 779 gold pieces
 28161 | Orc:2    | Acquired 311 gold pieces
 28273 | Orc:1    | Killed ggurman's ghost
 28365 | Orc:2    | Bought 2 potions of heal wounds for 150 gold pieces
 28365 | Orc:2    | Bought a potion of might for 60 gold pieces
 28365 | Orc:2    | Bought a potion of resistance for 150 gold pieces
 28374 | Orc:2    | Bought a scroll of enchant weapon for 97 gold pieces
 28387 | Orc:2    | Bought a scroll of brand weapon for 123 gold pieces
 28391 | Orc:2    | Bought a scroll of teleportation for 39 gold pieces
 29094 | Elf:2    | Found an ancient bone altar of Kikubaaqudgha.
 29147 | Elf:2    | Identified the -1 hat of Lesser Demons {+Inv Dex+2}
                  | (Okawaru gifted it to you on level 2 of the Elven Halls)
 29147 | Elf:2    | Received a gift from Okawaru
 29218 | Elf:2    | Found a runed translucent gate.
 29218 | Elf:2    | Found a runed translucent gate.
 29220 | Elf:2    | Found a runed translucent gate.
 29545 | Abyss:2  | Cast into level 2 of the Abyss (+2 mace of distortion)
 29569 | Abyss:2  | Found a corrupted altar of Lugonu.
 29588 | Abyss:2  | Found a corrupted altar of Lugonu.
 29951 | Abyss:2  | Found a corrupted altar of Lugonu.
 29951 | Abyss:2  | Found a corrupted altar of Lugonu.
 29951 | Abyss:2  | Found a corrupted altar of Lugonu.
 30027 | Elf:2    | Escaped the Abyss
 30038 | Elf:2    | Reached XP level 19. HP: 103/130 MP: 24/27
 30093 | Elf:2    | Found Teuq's Armour Shop.
 30394 | Elf:2    | Identified the +10 plate armour "Iliynut" {rC+ Stlth+}
                  | (Okawaru gifted it to you on level 2 of the Elven Halls)
 30394 | Elf:2    | Received a gift from Okawaru
 30760 | Elf:3    | Entered Level 3 of the Elven Halls
 33024 | Elf:3    | Identified the +11 morningstar "Grim Tooth" {flame, *Noise
                  | rF+ Int+5}
 33066 | Elf:3    | Identified the +2 plate armour "Jakoodargh" {rF- Dex+5}
                  | (Okawaru gifted it to you on level 3 of the Elven Halls)
 33066 | Elf:3    | Received a gift from Okawaru
 33594 | Elf:3    | Identified the +4 glaive of the Elven Halls {antimagic,
                  | rPois}
 34147 | Vaults:1 | Entered Level 1 of the Vaults
 34453 | Vaults:1 | Reached XP level 20. HP: 86/137 MP: 26/28
 34949 | Vaults:1 | Identified the +14 crystal plate armour of the Spheres
                  | {rElec rN++ MP-9} (Okawaru gifted it to you on level 1 of
                  | the Vaults)
 34949 | Vaults:1 | Received a gift from Okawaru
 35727 | Vaults:2 | Found Gepnaoc's Assorted Antiques.
 35731 | Vaults:2 | Bought a potion of haste for 370 gold pieces
 35731 | Vaults:2 | Bought a potion of curing for 111 gold pieces
 35950 | Vaults:2 | Paralysed by a vampire knight for 5 turns
 35999 | Vaults:2 | Found a staircase to the Crypt.
 36106 | Vaults:2 | Found Wegritut's Distillery.
 36113 | Vaults:2 | Bought a potion of haste for 160 gold pieces
 36113 | Vaults:2 | Bought a potion of berserk rage for 80 gold pieces
 36115 | Vaults:2 | Found Buylezed's Antique Armour Shoppe.
 36155 | Abyss:2  | Cast into level 2 of the Abyss (a wizard)
 36203 | Abyss:2  | Paralysed by accursed screaming for 1 turns
 36387 | Abyss:2  | Found a corrupted altar of Lugonu.
 36621 | Abyss:2  | Identified the +1 robe of the Soldier {rElec Regen+}
                  | (Okawaru gifted it to you on level 2 of the Abyss)
 36621 | Abyss:2  | Received a gift from Okawaru
 36644 | Abyss:2  | Found a corrupted altar of Lugonu.
 36677 | Vaults:2 | Escaped the Abyss
 36683 | Vaults:2 | Reached XP level 21. HP: 146/146 MP: 20/29
 36753 | Vaults:2 | Found Loinoddo's Antique Armour Emporium.
 37145 | Vaults:2 | Found Dyriz's Distillery.
 37160 | Vaults:2 | Bought a potion of heal wounds for 85 gold pieces
 37160 | Vaults:2 | Bought 2 potions of might for 136 gold pieces
 37369 | Vaults:3 | Noticed Bai Suzhen
 37420 | Vaults:3 | Killed Bai Suzhen
 38081 | Vaults:3 | Received a gift from Okawaru
 38455 | Vaults:4 | Found Jeivon's Antique Armour Shop.
 38861 | Vaults:4 | Noticed a golden dragon
 38865 | Vaults:4 | Killed a golden dragon
 38904 | Vaults:4 | Noticed Boris
 38923 | Vaults:4 | Killed Boris
 39037 | Vaults:4 | Noticed Zenata
 39049 | Vaults:4 | Reached XP level 22. HP: 142/155 MP: 19/30
 39063 | Vaults:4 | Killed Zenata
 39168 | Vaults:4 | Identified the +0 ring mail of Okawaru, Hungering {rPois
                  | Will+++ Str-5 Slay+4} (Okawaru gifted it to you on level 4
                  | of the Vaults)
 39168 | Vaults:4 | Received a gift from Okawaru
 39798 | Depths:1 | Entered Level 1 of the Depths
 39824 | Depths:1 | Found a gateway to Hell.
 39939 | Depths:1 | Found Uxzem's Book Shop.
 39952 | Depths:1 | Found a one-way gate to the infinite horrors of the Abyss.
 39964 | Depths:1 | Found the +27 heavy crossbow "Sniper" {heavy, Acc+∞ SInv}
 39965 | Depths:1 | Identified the +3 glaive of Kuhoun {venom, Int+4}
 40111 | Depths:1 | Found Geaddocs's Distillery.
 40240 | Depths:1 | Noticed Sojobo
 40284 | Depths:1 | Killed Sojobo
 40509 | Depths:1 | Found Qipsihariut's Book Shop.
 40754 | Depths:2 | Found a broken altar of Ashenzari.
 40777 | Depths:2 | Found a radiant altar of Vehumet.
 40835 | Depths:2 | Identified the ring of Wishful Thinking {Ice +Blink Str-2
                  | Int+2 Dex+2}
 40835 | Depths:2 | Noticed Josephina
 40853 | Depths:2 | Killed Josephina
 41032 | Depths:2 | Identified the +3 war axe "Widowmaker" {heavy, Str+4}
                  | (Okawaru gifted it to you on level 2 of the Depths)
 41032 | Depths:2 | Received a gift from Okawaru
 41912 | Lair:4   | Identified the +9 hand axe of Ikizeidem {pain, rElec rPois}
 42162 | Lair:5   | Entered Level 5 of the Lair of Beasts
 42227 | Lair:5   | Found a transporter.
 42232 | Lair:5   | Found a transporter.
 42238 | Lair:5   | Found a bloodstained altar of Trog.
 42239 | Lair:5   | Noticed Iziluk's ghost (journeyman DsAr)
 42399 | Lair:5   | Reached skill level 1 in Evocations
 42414 | Lair:5   | Reached XP level 23. HP: 160/163 MP: 23/32
 42631 | Lair:5   | Found a viscous altar of Jiyva.
 42632 | Lair:5   | Found a staircase to the Slime Pits.
 42883 | Lair:5   | Received a gift from Okawaru
 44036 | D:4      | Killed Crazy Yiuf
 44627 | Depths:2 | Found a one-way gate leading to the halls of Pandemonium.
 45296 | Depths:3 | Received a gift from Okawaru
 45381 | Depths:3 | Paralysed by a vampire knight for 2 turns
 45432 | Depths:3 | Noticed Boris
 45656 | Depths:3 | Killed Boris
 45699 | Depths:3 | Noticed Grunn
 45727 | Depths:3 | Killed Grunn
 45998 | Depths:3 | Identified the +5 pair of gloves "Qabyom" {+Inv rN++ Str-4
                  | Dex+2}
 46247 | Depths:4 | Entered Level 4 of the Depths
 46248 | Depths:4 | Found a hazy altar of Hepliaklqana.
 46339 | Depths:4 | Found a one-way gateway to a ziggurat.
 46518 | Depths:4 | Noticed the Enchantress
 46561 | Depths:4 | Killed the Enchantress
 46697 | Depths:4 | Identified the +1 pair of gloves of Peek-a-Boo {rN+}
                  | (Okawaru gifted it to you on level 4 of the Depths)
 46697 | Depths:4 | Received a gift from Okawaru
 46738 | Depths:4 | Noticed a golden dragon
 46756 | Depths:4 | Killed a golden dragon
 46757 | Depths:4 | Reached XP level 24. HP: 171/171 MP: 23/32
 47105 | Depths:4 | Noticed Mennas
 47126 | Depths:4 | Killed Mennas
 47394 | Depths:4 | Found a gate to the Realm of Zot.
 47768 | Vaults:5 | Entered Level 5 of the Vaults
 47774 | Vaults:4 | Paralysed by a sphinx for 5 turns
 48419 | Vaults:5 | Received a gift from Okawaru
 48468 | Vaults:5 | Identified the +4 ring mail "Ixtema" {*Corrode Fly rC++
                  | Int+3}
 48473 | Vaults:4 | Reached skill level 5 in Evocations
 49059 | Vaults:5 | Received a gift from Okawaru
 49060 | Vaults:5 | Reached skill level 15 in Dodging
 49134 | Vaults:5 | Identified the +7 lajatang of Hacking and Slashing {spect,
                  | Str+5}
 49134 | Vaults:5 | Identified the +7 sling "Dragonslayer" {antimagic, rC+
                  | Str+4}
 49212 | Vaults:5 | Reached XP level 25. HP: 50/179 MP: 18/33
 49339 | Vaults:5 | Identified the staff of cold "Ystri" {*Corrode rElec rC+
                  | Will+}
 49779 | Vaults:5 | Got a silver rune of Zot
 50343 | Crypt:1  | Entered Level 1 of the Crypt
 50422 | Crypt:1  | Noticed Ciwiv's ghost (veteran FoFi)
 50430 | Crypt:1  | Noticed a royal mummy
 50431 | Crypt:1  | Noticed Kucw's ghost (adept GrFi)
 50554 | Crypt:1  | Found an ancient bone altar of Kikubaaqudgha.
 50562 | Crypt:1  | Noticed Ulecsuczon's ghost (veteran MiGl)
 50962 | Crypt:1  | Found a transporter.
 50964 | Crypt:1  | Found a transporter.
 51473 | Crypt:2  | Noticed a dread lich
 51483 | Crypt:2  | Killed a dread lich
 51862 | Crypt:2  | Found a basalt altar of Yredelemnul.
 52190 | Crypt:3  | Entered Level 3 of the Crypt
 52722 | Crypt:3  | Received a gift from Okawaru
 53420 | Crypt:3  | Found a staircase to the Tomb.
 53512 | Crypt:3  | Noticed an ancient lich
 53624 | Crypt:3  | Noticed an ancient lich
 53624 | Crypt:3  | Noticed a dread lich
 53669 | Crypt:3  | Identified the +5 broad axe of the Cursing Seeker {flame,
                  | Will- Dex+6}
 53678 | Crypt:3  | Killed a dread lich
 53693 | Crypt:3  | Killed an ancient lich
 53694 | Crypt:3  | Reached XP level 26. HP: 91/188 MP: 20/33
 53699 | Crypt:3  | Killed an ancient lich
 53710 | Crypt:3  | Got the Octavo of Black Ceremonies and Incineration
 54228 | Lair:5   | Killed Iziluk's ghost
 54653 | Vaults:2 | Bought a potion of might for 68 gold pieces
 54653 | Vaults:2 | Bought a potion of invisibility for 136 gold pieces
 54653 | Vaults:2 | Bought a potion of curing for 51 gold pieces
 54653 | Vaults:2 | Bought a potion of curing for 51 gold pieces
 54653 | Vaults:2 | Bought a potion of mutation for 136 gold pieces
 54799 | Depths:1 | Bought a potion of curing for 60 gold pieces
 54799 | Depths:1 | Bought a potion of resistance for 200 gold pieces
 54799 | Depths:1 | Bought a potion of mutation for 160 gold pieces
 55104 | Elf:1    | Bought a scroll of teleportation for 54 gold pieces
 55104 | Elf:1    | Bought a potion of haste for 180 gold pieces
 55104 | Elf:1    | Bought a scroll of magic mapping for 135 gold pieces
 55113 | Elf:1    | Learned a level 8 spell: Necromutation
 55896 | Temple   | Entered the Ecumenical Temple
 55913 | Temple   | Fell from the grace of Okawaru
 55913 | Temple   | Became a worshipper of the Shining One
 56678 | Tomb:1   | Entered Level 1 of the Tomb of the Ancients
 56875 | Tomb:1   | Reached * piety under the Shining One
 56978 | Tomb:1   | Reached skill level 1 in Necromancy
 57135 | Tomb:1   | Reached skill level 1 in Transmutations
 57461 | Hell     | Entered the Vestibule of Hell
 57461 | Hell     | Noticed Geryon
 57473 | Hell     | Killed Geryon
 57481 | Hell     | Reached ** piety under the Shining One
 57483 | Hell     | Reached skill level 1 in Spellcasting
 57749 | Hell     | Reached *** piety under the Shining One
 57764 | Hell     | Reached **** piety under the Shining One
 57849 | Hell     | Found a gateway to the ashen valley of Gehenna.
 57967 | Hell     | Found a gateway to the decaying netherworld of Tartarus.
 58087 | Hell     | Found a gateway to the freezing wastes of Cocytus.
 58095 | Hell     | Reached ***** piety under the Shining One
 58169 | Hell     | Found a gateway to the Iron City of Dis.
 58385 | Zot:1    | Entered Level 1 of the Realm of Zot
 59984 | Zot:2    | Noticed an orb of fire
 59995 | Zot:2    | Killed an orb of fire
 60012 | Zot:2    | Got Taotaj's Tome of The Black Sun
 60152 | Zot:2    | Identified the ring "Tausuos" {rPois rCorr Int+6 Dex-3
                  | Stlth+}
 60288 | Zot:2    | Got the Precepts of Hazy Putridity
 60292 | Zot:2    | Got the Anthology of Volatile Superposition
 60306 | Zot:2    | Identified the +3 long sword of the Puffball {flame, rCorr
                  | SInv}
 60353 | Zot:2    | Identified the staff of conjuration "Tufudew" {Contam rPois
                  | rCorr}
 60591 | Zot:3    | You are sucked into a shaft and drop 1 floor!
 60742 | Zot:4    | Reached XP level 27. HP: 194/195 MP: 24/33
 61576 | Depths:4 | Was forgiven by Okawaru
 61635 | Depths:4 | Voluntarily entered the Abyss.
 61741 | Abyss:2  | Found a corrupted altar of Lugonu.
 61878 | Abyss:2  | Reached ****** piety under the Shining One
 62028 | Abyss:2  | Paralysed by accursed screaming for 1 turns
 62034 | Abyss:2  | Paralysed by accursed screaming for 1 turns
 62252 | Depths:4 | Escaped the Abyss
 62260 | Depths:4 | Learned a level 6 spell: Statue Form
 62266 | Depths:4 | Learned a level 4 spell: Passage of Golubria
 62270 | Depths:4 | Learned a level 3 spell: Ignite Poison
 62279 | Depths:4 | Learned a level 8 spell: Ignition
 62282 | Depths:4 | Voluntarily entered the Abyss.
 62335 | Abyss:2  | Found a corrupted altar of Lugonu.
 62540 | Abyss:2  | Reached skill level 1 in Fire Magic
 62622 | Abyss:2  | Paralysed by accursed screaming for 1 turns
 62678 | Depths:4 | Escaped the Abyss
 62701 | Depths:4 | Voluntarily entered the Abyss.
 62736 | Abyss:2  | Found a corrupted altar of Lugonu.
 62777 | Abyss:2  | Found a corrupted altar of Lugonu.
 62777 | Abyss:2  | Found a corrupted altar of Lugonu.
 62856 | Abyss:2  | Reached skill level 1 in Translocations
 62880 | Abyss:2  | Found a corrupted altar of Lugonu.
 63043 | Abyss:2  | Reached skill level 1 in Earth Magic
 63080 | Abyss:2  | Found a corrupted altar of Lugonu.
 63244 | Depths:4 | Escaped the Abyss
 63261 | Depths:4 | Voluntarily entered the Abyss.
 63322 | Abyss:2  | Found a corrupted altar of Lugonu.
 63516 | Abyss:2  | Found a corrupted altar of Lugonu.
 63722 | Depths:4 | Escaped the Abyss
 63724 | Depths:4 | Voluntarily entered the Abyss.
 63787 | Abyss:2  | Found a corrupted altar of Lugonu.
 63791 | Abyss:2  | Found a corrupted altar of Lugonu.
 63791 | Abyss:2  | Found a corrupted altar of Lugonu.
 64021 | Abyss:2  | Paralysed by accursed screaming for 1 turns
 64023 | Abyss:2  | Reached skill level 5 in Spellcasting
 64043 | Abyss:2  | Gained mutation: You occasionally shout uncontrollably at
                  | your foes. [a shining eye]
 64045 | Abyss:2  | Gained mutation: You occasionally lose the ability to read
                  | scrolls when taking damage. [a shining eye]
 64047 | Abyss:2  | Lost mutation: You occasionally lose the ability to read
                  | scrolls when taking damage. [potion of mutation]
 64047 | Abyss:2  | Lost mutation: Your system is resistant to poisons. (rPois)
                  | [potion of mutation]
 64047 | Abyss:2  | Lost mutation: You occasionally shout uncontrollably at
                  | your foes. [potion of mutation]
 64047 | Abyss:2  | Gained mutation: You are vulnerable to heat. (rF-) [potion
                  | of mutation]
 64048 | Abyss:2  | Lost mutation: You are vulnerable to heat. (rF-) [potion of
                  | mutation]
 64048 | Abyss:2  | Gained mutation: You are partially covered in iridescent
                  | scales. (AC +2) [potion of mutation]
 64048 | Abyss:2  | Gained mutation: You have an increased reservoir of magic.
                  | (+10% MP) [potion of mutation]
 64048 | Abyss:2  | Gained mutation: You have a somewhat thin skeletal
                  | structure. (Dex +2, Stealth+) [potion of mutation]
 64080 | Depths:4 | Escaped the Abyss
 64121 | Depths:4 | Voluntarily entered the Abyss.
 64376 | Depths:4 | Escaped the Abyss
 64378 | Depths:4 | Voluntarily entered the Abyss.
 64475 | Abyss:2  | Found a corrupted altar of Lugonu.
 64503 | Depths:4 | Escaped the Abyss
 64505 | Depths:4 | Voluntarily entered the Abyss.
 64538 | Abyss:2  | Found a corrupted altar of Lugonu.
 64669 | Abyss:2  | Found a corrupted altar of Lugonu.
 64803 | Abyss:2  | Found a corrupted altar of Lugonu.
 64835 | Abyss:2  | Gained mutation: You are vulnerable to cold. (rC-) [a
                  | neqoxec]
 64864 | Abyss:2  | Lost mutation: You are vulnerable to cold. (rC-) [potion of
                  | mutation]
 64864 | Abyss:2  | Lost mutation: You have an increased reservoir of magic.
                  | (+10% MP) [potion of mutation]
 64864 | Abyss:2  | Lost mutation: You have a somewhat thin skeletal structure.
                  | (Dex +2, Stealth+) [potion of mutation]
 64864 | Abyss:2  | Gained mutation: Your muscles are strong. (Str +4, Int/Dex
                  | -1) [potion of mutation]
 64864 | Abyss:2  | Gained mutation: You are mostly covered in iridescent
                  | scales. (AC +4) [potion of mutation]
 64957 | Depths:4 | Escaped the Abyss
 64963 | Depths:4 | Voluntarily entered the Abyss.
 65524 | Depths:4 | Escaped the Abyss
 65526 | Depths:4 | Voluntarily entered the Abyss.
 65532 | Abyss:2  | Found a corrupted altar of Lugonu.
 65635 | Abyss:2  | Found a corrupted altar of Lugonu.
 65639 | Abyss:2  | Found a corrupted altar of Lugonu.
 65730 | Abyss:2  | Paralysed by accursed screaming for 1 turns
 65742 | Abyss:2  | Paralysed by accursed screaming for 1 turns
 65756 | Depths:4 | Escaped the Abyss
 65840 | Depths:4 | Voluntarily entered the Abyss.
 66565 | Depths:4 | Escaped the Abyss
 66567 | Depths:4 | Voluntarily entered the Abyss.
 66651 | Abyss:2  | Found a corrupted altar of Lugonu.
 67033 | Abyss:2  | Gained mutation: You occasionally lose the ability to drink
                  | potions when taking damage. [a neqoxec]
 67055 | Depths:4 | Escaped the Abyss
 67056 | Depths:4 | Lost mutation: Your muscles are strong. (Str +4, Int/Dex
                  | -1) [potion of mutation]
 67056 | Depths:4 | Lost mutation: You are mostly covered in iridescent scales.
                  | (AC +4) [potion of mutation]
 67056 | Depths:4 | Lost mutation: You occasionally lose the ability to drink
                  | potions when taking damage. [potion of mutation]
 67058 | Depths:4 | Voluntarily entered the Abyss.
 67058 | Abyss:2  | Found a corrupted altar of Lugonu.
 67095 | Abyss:2  | Gained mutation: You are extremely vulnerable to heat.
                  | (rF---) [a neqoxec]
 67100 | Abyss:2  | Lost mutation: You are partially covered in iridescent
                  | scales. (AC +2) [potion of mutation]
 67100 | Abyss:2  | Lost mutation: You are extremely vulnerable to heat.
                  | (rF---) [potion of mutation]
 67100 | Abyss:2  | Gained mutation: Armour fits poorly on your strangely
                  | shaped body. [potion of mutation]
 67100 | Abyss:2  | Gained mutation: Your movements are slightly less
                  | encumbered by armour. (ER -2) [potion of mutation]
 67100 | Abyss:2  | Gained mutation: You are covered in fur. (AC +1) [potion of
                  | mutation]
 67101 | Abyss:2  | Lost mutation: Armour fits poorly on your strangely shaped
                  | body. [potion of mutation]
 67101 | Abyss:2  | Lost mutation: You are covered in fur. (AC +1) [potion of
                  | mutation]
 67101 | Abyss:2  | Gained mutation: You are frail. (-10% HP) [potion of
                  | mutation]
 67101 | Abyss:2  | Lost mutation: Your movements are slightly less encumbered
                  | by armour. (ER -2) [potion of mutation]
 67101 | Abyss:2  | Gained mutation: You passively dampen the noise of your
                  | surroundings. [potion of mutation]
 67102 | Abyss:2  | Lost mutation: You are frail. (-10% HP) [potion of
                  | mutation]
 67102 | Abyss:2  | Lost mutation: You passively dampen the noise of your
                  | surroundings. [potion of mutation]
 67102 | Abyss:2  | Gained mutation: Your mind is acute. (Int +4, Str/Dex -1)
                  | [potion of mutation]
 67102 | Abyss:2  | Gained mutation: You are strong-willed. (Will+) [potion of
                  | mutation]
 67194 | Abyss:3  | Found a corrupted altar of Lugonu.
 67268 | Abyss:3  | Found a corrupted altar of Lugonu.
 67300 | Abyss:3  | Noticed a dread lich
 67301 | Abyss:3  | Found a corrupted altar of Lugonu.
 67307 | Abyss:3  | Killed a dread lich
 67348 | Abyss:3  | Gained mutation: You have hidden genetic defects. [a
                  | cacodemon]
 67354 | Abyss:3  | Lost mutation: You are strong-willed. (Will+) [potion of
                  | mutation]
 67354 | Abyss:3  | Lost mutation: You have hidden genetic defects. [potion of
                  | mutation]
 67354 | Abyss:3  | Gained mutation: Your muscles are strong. (Str +4, Int/Dex
                  | -1) [potion of mutation]
 67354 | Abyss:3  | Lost mutation: Your muscles are strong. (Str +4, Int/Dex
                  | -1) [potion of mutation]
 67359 | Abyss:3  | Paralysed by accursed screaming for 1 turns
 67378 | Depths:4 | Escaped the Abyss
 67818 | Orc:2    | Bought a potion of mutation for 120 gold pieces
 67818 | Orc:2    | Bought a potion of curing for 45 gold pieces
 67818 | Orc:2    | Bought a potion of berserk rage for 75 gold pieces
 67831 | Orc:2    | Bought a scroll of fear for 52 gold pieces
 67831 | Orc:2    | Bought a scroll of fog for 52 gold pieces
 67831 | Orc:2    | Bought a scroll of poison for 52 gold pieces
 68462 | Lair:1   | Upgraded the game from 0.30.1-4-g462c640d31 to
                  | 0.30.1-5-ged363bc7ee
 68474 | Lair:1   | Identified a +9 broad axe of holy wrath (a +8 heavy broad
                  | axe blessed by the Shining One)
 68474 | Lair:1   | Received a gift from the Shining One
 68557 | Temple   | Fell from the grace of the Shining One
 68557 | Temple   | Became a worshipper of Zin the Law-Giver
 68557 | Temple   | Reached * piety under Zin
 68557 | Temple   | Reached ** piety under Zin
 68557 | Temple   | Reached *** piety under Zin
 68557 | Temple   | Reached **** piety under Zin
 68557 | Temple   | Reached ***** piety under Zin
 68821 | Depths:1 | Voluntarily entered the Abyss.
 68839 | Abyss:3  | Paralysed by an air elemental for 1 turns
 68854 | Abyss:3  | Found a corrupted altar of Lugonu.
 68856 | Abyss:3  | Found a corrupted altar of Lugonu.
 68924 | Abyss:3  | Found a corrupted altar of Lugonu.
 68935 | Abyss:3  | Found a corrupted altar of Lugonu.
 68945 | Depths:1 | Escaped the Abyss
 68947 | Depths:1 | Voluntarily entered the Abyss.
 68968 | Abyss:3  | Found a shimmering blue altar of Sif Muna.
 68971 | Abyss:3  | Found a shimmering blue altar of Sif Muna.
 68973 | Abyss:3  | Found a shimmering blue altar of Sif Muna.
 68975 | Abyss:3  | Found a shimmering blue altar of Sif Muna.
 68979 | Abyss:3  | Found a stormy altar of Qazlal.
 68979 | Abyss:3  | Found a shadowy altar of Dithmenos.
 68979 | Abyss:3  | Found an iron altar of Okawaru.
 68979 | Abyss:3  | Found a white marble altar of Elyvilon.
 68979 | Abyss:3  | Found a shimmering altar of Xom.
 68979 | Abyss:3  | Found a radiant altar of Vehumet.
 68984 | Abyss:3  | Found a glowing golden altar of the Shining One.
 68984 | Abyss:3  | Found a sacrificial altar of Ru.
 68984 | Abyss:3  | Found a bloodstained altar of Trog.
 68984 | Abyss:3  | Found a snail-covered altar of Cheibriados.
 68986 | Abyss:3  | Found an ancient bone altar of Kikubaaqudgha.
 68986 | Abyss:3  | Found an opulent altar of Gozag.
 68988 | Abyss:3  | Found a glowing silver altar of Zin.
 68988 | Abyss:3  | Found a burning altar of Makhleb.
 68988 | Abyss:3  | Found a hide-covered altar of Uskayaw.
 68990 | Abyss:3  | Found an ancient bone altar of Kikubaaqudgha.
 68990 | Abyss:3  | Found a broken altar of Ashenzari.
 68990 | Abyss:3  | Found an ornate altar of the Wu Jian Council.
 68990 | Abyss:3  | Found a hazy altar of Hepliaklqana.
 68992 | Abyss:3  | Found a blossoming altar of Fedhas.
 68992 | Abyss:3  | Found a sparkling altar of Nemelex Xobeh.
 68992 | Abyss:3  | Found an ornate altar of the Wu Jian Council.
 69070 | Abyss:3  | Noticed an ancient lich
 69085 | Abyss:3  | Killed an ancient lich
 69182 | Depths:1 | Escaped the Abyss
 69184 | Depths:1 | Voluntarily entered the Abyss.
 69184 | Abyss:3  | Found a corrupted altar of Lugonu.
 69324 | Depths:1 | Escaped the Abyss
 69326 | Depths:1 | Voluntarily entered the Abyss.
 69566 | Depths:1 | Escaped the Abyss
 69641 | Depths:3 | Voluntarily entered the Abyss.
 69676 | Abyss:3  | Found a corrupted altar of Lugonu.
 69681 | Abyss:3  | Found a corrupted altar of Lugonu.
 69681 | Abyss:3  | Found a corrupted altar of Lugonu.
 69700 | Abyss:3  | Found a corrupted altar of Lugonu.
 69796 | Abyss:3  | Noticed an ancient lich
 69800 | Abyss:3  | Killed an ancient lich
 69949 | Depths:3 | Escaped the Abyss
 69951 | Depths:3 | Voluntarily entered the Abyss.
 70305 | Abyss:3  | Reached ****** piety under Zin
 70450 | Depths:3 | Escaped the Abyss
 70452 | Depths:3 | Voluntarily entered the Abyss.
 70465 | Abyss:3  | Found a corrupted altar of Lugonu.
 70510 | Abyss:3  | Found a corrupted altar of Lugonu.
 70542 | Abyss:3  | Found a corrupted altar of Lugonu.
 70626 | Abyss:3  | Found a corrupted altar of Lugonu.
 70632 | Abyss:3  | Found a corrupted altar of Lugonu.
 70695 | Abyss:3  | Found a corrupted altar of Lugonu.
 70782 | Abyss:3  | Reached skill level 27 in Fighting
 70795 | Depths:3 | Escaped the Abyss
 70797 | Depths:3 | Voluntarily entered the Abyss.
 70939 | Depths:3 | Escaped the Abyss
 70941 | Depths:3 | Voluntarily entered the Abyss.
 71003 | Abyss:3  | Found a corrupted altar of Lugonu.
 71143 | Abyss:3  | first you get the statue form, then you get da power, then
                  | you get da women..
 71259 | Abyss:3  | Paralysed by accursed screaming for 1 turns
 71414 | Abyss:3  | Found a corrupted altar of Lugonu.
 71449 | Depths:3 | Escaped the Abyss
 71451 | Depths:3 | Voluntarily entered the Abyss.
 71580 | Abyss:3  | Got an abyssal rune of Zot
 71806 | Depths:3 | Escaped the Abyss
 71808 | Depths:3 | Voluntarily entered the Abyss.
 71828 | Abyss:3  | Found a corrupted altar of Lugonu.
 71868 | Depths:3 | Escaped the Abyss
 71870 | Depths:3 | Voluntarily entered the Abyss.
 71873 | Abyss:3  | Found a corrupted altar of Lugonu.
 71894 | Abyss:3  | Found a corrupted altar of Lugonu.
 71957 | Abyss:3  | Reached skill level 5 in Transmutations
 72039 | Abyss:3  | Found a corrupted altar of Lugonu.
 72066 | Depths:3 | Escaped the Abyss
 72068 | Depths:3 | Voluntarily entered the Abyss.
 72077 | Abyss:3  | Found a corrupted altar of Lugonu.
 72319 | Abyss:3  | Found a corrupted altar of Lugonu.
 72348 | Depths:3 | Escaped the Abyss
 72350 | Depths:3 | Voluntarily entered the Abyss.
 72460 | Abyss:3  | Found a corrupted altar of Lugonu.
 72673 | Depths:3 | Escaped the Abyss
 72727 | Depths:3 | Voluntarily entered the Abyss.
 72739 | Abyss:3  | Found a corrupted altar of Lugonu.
 72979 | Depths:3 | Escaped the Abyss
 72981 | Depths:3 | Voluntarily entered the Abyss.
 73001 | Depths:3 | Escaped the Abyss
 73003 | Depths:3 | Voluntarily entered the Abyss.
 73176 | Abyss:3  | Reached skill level 27 in Shields
 73226 | Abyss:3  | Found a corrupted altar of Lugonu.
 73311 | Depths:3 | Escaped the Abyss
 73409 | Depths:3 | Voluntarily entered the Abyss.
 73428 | Abyss:3  | Found a corrupted altar of Lugonu.
 73463 | Depths:3 | Escaped the Abyss
 73465 | Depths:3 | Voluntarily entered the Abyss.
 73714 | Depths:3 | Escaped the Abyss
 73716 | Depths:3 | Voluntarily entered the Abyss.
 74012 | Abyss:3  | Paralysed by accursed screaming for 1 turns
 74044 | Depths:3 | Escaped the Abyss
 74098 | Depths:3 | Voluntarily entered the Abyss.
 74366 | Depths:3 | Escaped the Abyss
 74368 | Depths:3 | Voluntarily entered the Abyss.
 74403 | Depths:3 | Escaped the Abyss
 74405 | Depths:3 | Voluntarily entered the Abyss.
 74425 | Abyss:3  | Found a corrupted altar of Lugonu.
 74603 | Abyss:3  | Found a corrupted altar of Lugonu.
 74802 | Abyss:4  | Paralysed by accursed screaming for 1 turns
 74893 | Depths:3 | Escaped the Abyss
 74895 | Depths:3 | Voluntarily entered the Abyss.
 75120 | Depths:3 | Escaped the Abyss
 75122 | Depths:3 | Voluntarily entered the Abyss.
 75125 | Abyss:4  | Found a corrupted altar of Lugonu.
 75357 | Depths:3 | Escaped the Abyss
 75359 | Depths:3 | Voluntarily entered the Abyss.
 75361 | Abyss:4  | Found a corrupted altar of Lugonu.
 75553 | Depths:3 | Escaped the Abyss
 75555 | Depths:3 | Voluntarily entered the Abyss.
 75598 | Abyss:4  | Found a corrupted altar of Lugonu.
 75609 | Abyss:4  | Found a corrupted altar of Lugonu.
 75895 | Abyss:4  | Paralysed by accursed screaming for 1 turns
 75904 | Abyss:4  | Paralysed by accursed screaming for 2 turns
 75930 | Depths:3 | Escaped the Abyss
 76061 | Depths:3 | Voluntarily entered the Abyss.
 76072 | Depths:3 | Escaped the Abyss
 76074 | Depths:3 | Voluntarily entered the Abyss.
 76138 | Abyss:4  | Reached skill level 27 in Armour
 76307 | Depths:3 | Escaped the Abyss
 76309 | Depths:3 | Voluntarily entered the Abyss.
 76326 | Abyss:4  | Found a corrupted altar of Lugonu.
 76347 | Abyss:4  | Found a corrupted altar of Lugonu.
 76487 | Abyss:4  | Reached skill level 27 in Dodging
 76567 | Depths:3 | Escaped the Abyss
 76586 | Depths:3 | Voluntarily entered the Abyss.
 76823 | Abyss:4  | Found a corrupted altar of Lugonu.
 76860 | Depths:3 | Escaped the Abyss
 76862 | Depths:3 | Voluntarily entered the Abyss.
 77213 | Depths:3 | Escaped the Abyss
 77215 | Depths:3 | Voluntarily entered the Abyss.
 77394 | Abyss:4  | Found a corrupted altar of Lugonu.
 77437 | Abyss:4  | Paralysed by accursed screaming for 1 turns
 77442 | Abyss:4  | Reached skill level 5 in Translocations
 77488 | Depths:3 | Escaped the Abyss
 77490 | Depths:3 | Voluntarily entered the Abyss.
 77559 | Abyss:4  | Reached skill level 15 in Invocations
 77588 | Abyss:4  | Identified the staff of poison "Goniqiz" {Fragile rElec
                  | rPois Will++ Stlth+}
 77657 | Abyss:4  | Noticed an ancient lich
 77671 | Abyss:4  | Killed an ancient lich
 77731 | Depths:3 | Escaped the Abyss
 77961 | Depths:3 | Voluntarily entered the Abyss.
 77962 | Abyss:4  | Found a corrupted altar of Lugonu.
 78020 | Abyss:4  | Found a radiant altar of Vehumet.
 78065 | Abyss:4  | Reached skill level 5 in Earth Magic
 78130 | Abyss:4  | Noticed an ancient lich
 78133 | Abyss:4  | Noticed a dread lich
 78136 | Abyss:4  | Killed an ancient lich
 78148 | Abyss:4  | Killed a dread lich
 78162 | Depths:3 | Escaped the Abyss
 78175 | Depths:3 | Voluntarily entered the Abyss.
 78204 | Depths:3 | Escaped the Abyss
 78206 | Depths:3 | Voluntarily entered the Abyss.
 78212 | Abyss:4  | Found a corrupted altar of Lugonu.
 78508 | Abyss:4  | Found a shimmering blue altar of Sif Muna.
 78523 | Abyss:4  | Got Nirih's Octavo of Blows
 78567 | Abyss:4  | Got the Parchment of the Birds
 78572 | Abyss:4  | Found a shimmering blue altar of Sif Muna.
 78608 | Depths:3 | Escaped the Abyss
 78658 | Depths:3 | Voluntarily entered the Abyss.
 78836 | Abyss:4  | Noticed a dread lich
 79041 | Abyss:4  | Killed a dread lich
 79094 | Depths:3 | Escaped the Abyss
 79117 | Depths:3 | Voluntarily entered the Abyss.
 79248 | Depths:3 | Escaped the Abyss
 79250 | Depths:3 | Voluntarily entered the Abyss.
 79320 | Depths:3 | Escaped the Abyss
 79322 | Depths:3 | Voluntarily entered the Abyss.
 79450 | Abyss:4  | Paralysed by accursed screaming for 1 turns
 79465 | Depths:3 | Escaped the Abyss
 79551 | Depths:3 | Voluntarily entered the Abyss.
 79561 | Abyss:4  | Found a corrupted altar of Lugonu.
 79632 | Depths:3 | Escaped the Abyss
 79691 | Depths:3 | Voluntarily entered the Abyss.
 79780 | Depths:3 | Escaped the Abyss
 79782 | Depths:3 | Voluntarily entered the Abyss.
 79782 | Abyss:4  | Found a corrupted altar of Lugonu.
 79791 | Abyss:4  | Found a bloodstained altar of Trog.
 79806 | Abyss:4  | Found a corrupted altar of Lugonu.
 79810 | Abyss:4  | Found a bloodstained altar of Trog.
 79953 | Depths:3 | Escaped the Abyss
 79955 | Depths:3 | Voluntarily entered the Abyss.
 79993 | Depths:3 | Escaped the Abyss
 79995 | Depths:3 | Voluntarily entered the Abyss.
 79995 | Abyss:4  | Found a corrupted altar of Lugonu.
 80010 | Abyss:4  | Found a stormy altar of Qazlal.
 80029 | Depths:3 | Escaped the Abyss
 80031 | Depths:3 | Voluntarily entered the Abyss.
 80038 | Abyss:4  | Found a corrupted altar of Lugonu.
 80162 | Depths:3 | Escaped the Abyss
 80164 | Depths:3 | Voluntarily entered the Abyss.
 80414 | Abyss:4  | Found a corrupted altar of Lugonu.
 80479 | Abyss:4  | Paralysed by accursed screaming for 1 turns
 80496 | Depths:3 | Escaped the Abyss
 80628 | Depths:3 | Voluntarily entered the Abyss.
 80647 | Depths:3 | Escaped the Abyss
 80649 | Depths:3 | Voluntarily entered the Abyss.
 80669 | Abyss:4  | Found a corrupted altar of Lugonu.
 80706 | Depths:3 | Escaped the Abyss
 80708 | Depths:3 | Voluntarily entered the Abyss.
 80743 | Abyss:4  | Found a corrupted altar of Lugonu.
 80950 | Abyss:4  | Reached skill level 10 in Spellcasting
 81057 | Abyss:4  | Noticed a dread lich
 81063 | Abyss:4  | Killed a dread lich
 81064 | Abyss:4  | Reached skill level 10 in Transmutations
 81142 | Abyss:4  | Paralysed by accursed screaming for 2 turns
 81159 | Depths:3 | Escaped the Abyss
 81338 | Depths:3 | Voluntarily entered the Abyss.
 81350 | Abyss:4  | Noticed a dread lich
 81357 | Abyss:4  | Killed a dread lich
 81388 | Depths:3 | Escaped the Abyss
 81390 | Depths:3 | Voluntarily entered the Abyss.
 81482 | Depths:3 | Escaped the Abyss
 81484 | Depths:3 | Voluntarily entered the Abyss.
 81590 | Abyss:4  | Paralysed by accursed screaming for 1 turns
 81727 | Depths:3 | Escaped the Abyss
 81764 | Depths:3 | Voluntarily entered the Abyss.
 82047 | Abyss:4  | Noticed an ancient lich
 82052 | Depths:3 | Escaped the Abyss
 82102 | Depths:3 | Voluntarily entered the Abyss.
 82102 | Abyss:4  | Found a corrupted altar of Lugonu.
 82251 | Abyss:4  | Noticed a dread lich
 82261 | Abyss:4  | Killed a dread lich
 82283 | Depths:3 | Escaped the Abyss
 82328 | Depths:3 | Voluntarily entered the Abyss.
 82332 | Abyss:4  | Found a corrupted altar of Lugonu.
 82504 | Abyss:4  | Found a corrupted altar of Lugonu.
 82616 | Abyss:4  | Paralysed by an air elemental for 1 turns
 82630 | Abyss:4  | Found a corrupted altar of Lugonu.
 82738 | Depths:3 | Escaped the Abyss
 82740 | Depths:3 | Voluntarily entered the Abyss.
 83101 | Abyss:4  | Found a corrupted altar of Lugonu.
 83121 | Abyss:4  | Paralysed by accursed screaming for 1 turns
 83178 | Depths:3 | Escaped the Abyss
 83211 | Depths:3 | Voluntarily entered the Abyss.
 83426 | Depths:3 | Escaped the Abyss
 83428 | Depths:3 | Voluntarily entered the Abyss.
 83475 | Abyss:4  | Found a corrupted altar of Lugonu.
 83476 | Abyss:4  | Found a corrupted altar of Lugonu.
 83798 | Depths:3 | Escaped the Abyss
 83852 | Depths:3 | Voluntarily entered the Abyss.
 83871 | Depths:3 | Escaped the Abyss
 83873 | Depths:3 | Voluntarily entered the Abyss.
 83918 | Depths:3 | Escaped the Abyss
 83920 | Depths:3 | Voluntarily entered the Abyss.
 84026 | Depths:3 | Escaped the Abyss
 84062 | Depths:3 | Voluntarily entered the Abyss.
 84223 | Depths:3 | Escaped the Abyss
 84225 | Depths:3 | Voluntarily entered the Abyss.
 84258 | Abyss:4  | Paralysed by accursed screaming for 1 turns
 84283 | Abyss:4  | Found a corrupted altar of Lugonu.
 84406 | Abyss:4  | Reached skill level 10 in Earth Magic
 84456 | Abyss:4  | Paralysed by accursed screaming for 1 turns
 84480 | Abyss:4  | Found a corrupted altar of Lugonu.
 84484 | Depths:3 | Escaped the Abyss
 84486 | Depths:3 | Voluntarily entered the Abyss.
 84525 | Abyss:4  | Found a corrupted altar of Lugonu.
 84557 | Abyss:4  | Reached skill level 5 in Fire Magic
 84568 | Abyss:4  | Found a corrupted altar of Lugonu.
 84701 | Depths:3 | Escaped the Abyss
 84703 | Depths:3 | Voluntarily entered the Abyss.
 84710 | Abyss:4  | Noticed an ancient lich
 84723 | Abyss:4  | Killed an ancient lich
 85058 | Depths:3 | Escaped the Abyss
 85060 | Depths:3 | Voluntarily entered the Abyss.
 85235 | Abyss:4  | Reached skill level 15 in Spellcasting
 85295 | Abyss:4  | Found a corrupted altar of Lugonu.
 85348 | Depths:3 | Escaped the Abyss
 85379 | Depths:3 | Voluntarily entered the Abyss.
 85502 | Abyss:4  | Found a corrupted altar of Lugonu.
 85612 | Depths:3 | Escaped the Abyss
 85626 | Depths:3 | Voluntarily entered the Abyss.
 85935 | Depths:3 | Escaped the Abyss
 85996 | Depths:3 | Voluntarily entered the Abyss.
 86157 | Abyss:4  | Noticed a dread lich
 86165 | Abyss:4  | Killed a dread lich
 86208 | Depths:3 | Escaped the Abyss
 86264 | Depths:3 | Voluntarily entered the Abyss.
 86283 | Abyss:4  | Found a corrupted altar of Lugonu.
 86312 | Abyss:4  | Found a corrupted altar of Lugonu.
 86523 | Depths:3 | Escaped the Abyss
 86657 | Depths:3 | Voluntarily entered the Abyss.
 86780 | Abyss:4  | Paralysed by an air elemental for 1 turns
 87045 | Depths:3 | Escaped the Abyss
 87105 | Depths:3 | Voluntarily entered the Abyss.
 87159 | Depths:3 | Escaped the Abyss
 87161 | Depths:3 | Voluntarily entered the Abyss.
 87175 | Abyss:4  | Found a corrupted altar of Lugonu.
 87187 | Abyss:4  | Found a corrupted altar of Lugonu.
 87216 | Depths:3 | Escaped the Abyss
 87218 | Depths:3 | Voluntarily entered the Abyss.
 87218 | Abyss:4  | Found a corrupted altar of Lugonu.
 87376 | Abyss:4  | Found a corrupted altar of Lugonu.
 87551 | Abyss:4  | Found a corrupted altar of Lugonu.
 87660 | Abyss:4  | Found a corrupted altar of Lugonu.
 87702 | Depths:3 | Escaped the Abyss
 87704 | Depths:3 | Voluntarily entered the Abyss.
 87717 | Abyss:4  | Found a corrupted altar of Lugonu.
 87726 | Abyss:4  | Paralysed by accursed screaming for 1 turns
 87956 | Abyss:4  | Identified the +2 helmet "Bila" {Dex+3}
 88008 | Depths:3 | Escaped the Abyss
 88010 | Depths:3 | Voluntarily entered the Abyss.
 88052 | Abyss:4  | Paralysed by accursed screaming for 1 turns
 88057 | Abyss:4  | Paralysed by accursed screaming for 1 turns
 88170 | Abyss:4  | Found a corrupted altar of Lugonu.
 88614 | Abyss:4  | Paralysed by accursed screaming for 2 turns
 88621 | Abyss:4  | Paralysed by accursed screaming for 1 turns
 88658 | Depths:3 | Escaped the Abyss
 88737 | Depths:3 | Voluntarily entered the Abyss.
 88740 | Abyss:4  | Found a corrupted altar of Lugonu.
 88784 | Abyss:4  | Found a corrupted altar of Lugonu.
 88806 | Depths:3 | Escaped the Abyss
 88808 | Depths:3 | Voluntarily entered the Abyss.
 88821 | Abyss:4  | Found a corrupted altar of Lugonu.
 88894 | Depths:3 | Escaped the Abyss
 88896 | Depths:3 | Voluntarily entered the Abyss.
 89215 | Depths:3 | Escaped the Abyss
 89217 | Depths:3 | Voluntarily entered the Abyss.
 89418 | Depths:3 | Escaped the Abyss
 89420 | Depths:3 | Voluntarily entered the Abyss.
 89420 | Abyss:4  | Found a corrupted altar of Lugonu.
 89436 | Abyss:4  | Found a corrupted altar of Lugonu.
 89466 | Depths:3 | Escaped the Abyss
 89468 | Depths:3 | Voluntarily entered the Abyss.
 89551 | Abyss:4  | Found a corrupted altar of Lugonu.
 89795 | Depths:3 | Escaped the Abyss
 89797 | Depths:3 | Voluntarily entered the Abyss.
 89802 | Abyss:4  | Found a corrupted altar of Lugonu.
 89953 | Abyss:4  | Noticed an ancient lich
 89959 | Abyss:4  | Killed an ancient lich
 90014 | Abyss:4  | Paralysed by accursed screaming for 1 turns
 90022 | Abyss:4  | Reached skill level 15 in Transmutations
 90081 | Depths:3 | Escaped the Abyss
 90083 | Depths:3 | Voluntarily entered the Abyss.
 90298 | Depths:3 | Escaped the Abyss
 90300 | Depths:3 | Voluntarily entered the Abyss.
 90728 | Depths:3 | Escaped the Abyss
 90730 | Depths:3 | Voluntarily entered the Abyss.
 90799 | Depths:3 | Escaped the Abyss
 90801 | Depths:3 | Voluntarily entered the Abyss.
 90803 | Abyss:4  | Found a corrupted altar of Lugonu.
 90830 | Depths:3 | Escaped the Abyss
 90832 | Depths:3 | Voluntarily entered the Abyss.
 90834 | Abyss:4  | Found a corrupted altar of Lugonu.
 90928 | Abyss:4  | Found a corrupted altar of Lugonu.
 91239 | Depths:3 | Escaped the Abyss
 91241 | Depths:3 | Voluntarily entered the Abyss.
 91316 | Abyss:4  | Found a corrupted altar of Lugonu.
 91374 | Depths:3 | Escaped the Abyss
 91386 | Depths:3 | Voluntarily entered the Abyss.
 91522 | Abyss:4  | Reached skill level 10 in Fire Magic
 91687 | Depths:3 | Escaped the Abyss
 91689 | Depths:3 | Voluntarily entered the Abyss.
 91759 | Depths:3 | Escaped the Abyss
 91761 | Depths:3 | Voluntarily entered the Abyss.
 92002 | Abyss:5  | Found a corrupted altar of Lugonu.
 92088 | Depths:3 | Escaped the Abyss
 92090 | Depths:3 | Voluntarily entered the Abyss.
 92230 | Depths:3 | Escaped the Abyss
 92313 | Depths:3 | Voluntarily entered the Abyss.
 92430 | Depths:3 | Escaped the Abyss
 92432 | Depths:3 | Voluntarily entered the Abyss.
 92479 | Abyss:5  | Noticed a dread lich
 92491 | Abyss:5  | Killed a dread lich
 92639 | Depths:3 | Escaped the Abyss
 92641 | Depths:3 | Voluntarily entered the Abyss.
 92694 | Depths:3 | Escaped the Abyss
 92696 | Depths:3 | Voluntarily entered the Abyss.
 93001 | Abyss:5  | Found a corrupted altar of Lugonu.
 93098 | Depths:3 | Escaped the Abyss
 93100 | Depths:3 | Voluntarily entered the Abyss.
 93108 | Abyss:5  | Found a corrupted altar of Lugonu.
 93135 | Abyss:5  | Found a corrupted altar of Lugonu.
 93283 | Depths:3 | Escaped the Abyss
 93285 | Depths:3 | Voluntarily entered the Abyss.
 93338 | Abyss:5  | Noticed a dread lich
 93349 | Abyss:5  | Killed a dread lich
 93559 | Depths:3 | Escaped the Abyss
 93561 | Depths:3 | Voluntarily entered the Abyss.
 93737 | Abyss:5  | Found a corrupted altar of Lugonu.
 93748 | Depths:3 | Escaped the Abyss
 93750 | Depths:3 | Voluntarily entered the Abyss.
 93770 | Abyss:5  | Found a corrupted altar of Lugonu.
 93908 | Abyss:5  | Paralysed by accursed screaming for 1 turns
 93918 | Abyss:5  | Reached skill level 15 in Earth Magic
 93924 | Depths:3 | Escaped the Abyss
 93993 | Depths:3 | Voluntarily entered the Abyss.
 94366 | Depths:3 | Escaped the Abyss
 94368 | Depths:3 | Voluntarily entered the Abyss.
 94505 | Depths:3 | Escaped the Abyss
 94507 | Depths:3 | Voluntarily entered the Abyss.
 94531 | Abyss:5  | Found a corrupted altar of Lugonu.
 94849 | Depths:3 | Escaped the Abyss
 94851 | Depths:3 | Voluntarily entered the Abyss.
 94854 | Abyss:5  | Found a corrupted altar of Lugonu.
 95110 | Abyss:5  | Reached skill level 15 in Fire Magic
 95132 | Depths:3 | Escaped the Abyss
 95134 | Depths:3 | Voluntarily entered the Abyss.
 95271 | Depths:3 | Escaped the Abyss
 95273 | Depths:3 | Voluntarily entered the Abyss.
 95289 | Depths:3 | Escaped the Abyss
 95367 | Depths:3 | Voluntarily entered the Abyss.
 95406 | Abyss:5  | Found a sparkling altar of Nemelex Xobeh.
 95581 | Abyss:5  | Learned a level 2 spell: Blink
 95615 | Depths:3 | Escaped the Abyss
 95617 | Depths:3 | Voluntarily entered the Abyss.
 95657 | Depths:3 | Escaped the Abyss
 95659 | Depths:3 | Voluntarily entered the Abyss.
 95664 | Abyss:5  | Found a corrupted altar of Lugonu.
 95694 | Abyss:5  | Found a corrupted altar of Lugonu.
 95695 | Abyss:5  | Found a corrupted altar of Lugonu.
 95758 | Abyss:5  | Found a corrupted altar of Lugonu.
 95863 | Depths:3 | Escaped the Abyss
 95865 | Depths:3 | Voluntarily entered the Abyss.
 96170 | Abyss:6  | Found a corrupted altar of Lugonu.
 96239 | Depths:3 | Escaped the Abyss
 96241 | Depths:3 | Voluntarily entered the Abyss.
 96268 | Abyss:6  | Found a corrupted altar of Lugonu.
 96323 | Abyss:6  | Found a corrupted altar of Lugonu.
 96345 | Abyss:6  | Found a corrupted altar of Lugonu.
 96362 | Abyss:6  | Found a corrupted altar of Lugonu.
 96418 | Abyss:6  | Paralysed by accursed screaming for 2 turns
 96461 | Depths:3 | Escaped the Abyss
 96567 | Depths:3 | Voluntarily entered the Abyss.
 96644 | Abyss:6  | Paralysed by accursed screaming for 1 turns
 96807 | Depths:3 | Escaped the Abyss
 96809 | Depths:3 | Voluntarily entered the Abyss.
 96904 | Depths:3 | Escaped the Abyss
 97296 | Temple   | Fell from the grace of Zin
 97296 | Temple   | Became a worshipper of the Shining One
 97760 | Depths:1 | Bought a book of Changes for 342 gold pieces
 97765 | Depths:1 | Learned a level 2 spell: Wereblood
 97837 | Coc:1    | Entered Level 1 of Cocytus
 98096 | Coc:3    | Noticed an ancient lich
 98106 | Coc:4    | HP: 5/172 [wendigo/seracfall (4)]
 98108 | Coc:4    | HP: 2/172 [harpy simulacrum (4)]
 98108 | Coc:4    | Slain by a harpy simulacrum

Illustrated notes

... .> ...
###.# ... ....
#.. ..# . #..#
..# # .. #..#
..#.# ...
#.#..##...#...
#...@.......#
#.####..#..#.#
#. .....# #
...#..... #..#
## ..##
#..#.## ##
##....# # ##
###.## # #. .
###.#.##.#


Turn 71143 on Abyss:3: first you get the statue form, then you get da power,
then you get da women..

Levels and vault maps discovered:
D:1:      scummos_arrival_checkerplants, layout_basic,
          shapermc_ecumenical_altar_venn
D:2:      layout_loops_cross, minmay_goblin_kobold_house, uniq_terence
D:3:      layout_loops_corners, roderic_batcave, amcnicky_mini_corridor_feature,
          uniq_grinder
D:4:      black_bear_nest_2, layout_basic, okawaru_altar_gauntlet_db,
          uniq_crazy_yiuf_cottage
D:5:      layout_layer_cave, mainiacjoe_overflow_alcove_1, uniq_edmund
D:6:      layout_rooms, kennysheep_mini_moat, nemelex_dance_club_becter,
          portal_sewer_entry_f, serial_rivers, chequers_serial_rivers_room_a,
          chequers_serial_rivers_micro_b, chequers_serial_rivers_large_a,
          chequers_serial_rivers_micro_d, chequers_serial_rivers_small_3,
          chequers_serial_rivers_room_a, uniq_eustachio
D:7:      layout_cave_pods, nicolae_xom_altar_mimics, lemuel_crystal_altar,
          mainiacjoe_overflow_small_starburst,
          minmay_temple_entry_enclosed_plants, david_defended_altar_orc
D:8:      layout_layer_cave, nicolae_kikubaaqudgha_miasma_corner,
          kennysheep_little_box, lemuel_zombie_altar_yredelemnul,
          lair_entry_dummy, minivault_24, uniq_maurice, uniq_prince_ribbit1,
          uniq_amaemon
D:9:      layout_cave_pools, elyvilon_altar_1, david_orc_1_choice,
          enter_bailey_2, grunt_decor_junction, hangedman_minor_magic
D:10:     layout_irregular_city, serial_rivers, chequers_serial_rivers_small_3,
          chequers_serial_rivers_micro_d, chequers_serial_rivers_large_b,
          chequers_serial_rivers_room_a, chequers_serial_rivers_micro_e,
          minivault_16, nicolae_shop_vocational, uniq_fannar, uniq_psyche,
          uniq_joseph
D:11:     layout_rooms, nicolae_ru_sacrificial_ziggurat
D:12:     layout_cave_pools
D:13:     layout_layer_cave
D:14:     layout_loops_cross, erik_vaults_1, nrook_pool_corridor,
          minmay_misc_feat_chi, hangedman_fish_farm, uniq_kirke
D:15:     gammafunk_enter_depths_forms, layout_gridville, hex_tiny,
          nicolae_trove_entry_crystal, trog_butcher_becter
Temple:   nicolae_temple_ecumenical_triangle
Lair:1:   layout_chaotic_city, lemuel_fruit_fields, serial_bayou_shore_a
Lair:2:   layout_small_grid, skrybe_swamp_entry_bodies,
          nicolae_spider_entry_orb_guardian, basic_altar, uniq_erica
Lair:3:   minmay_lair_oklob_tunnel, layout_small_grid, lemuel_fruit_tree,
          infiniplex_staircase_pool_2, grunt_megastairs_4
Lair:4:   layout_cellular_growth, nicolae_lair_grazing_beasts
          [nicolae_sub_lair_graze_edge, nicolae_sub_lair_graze_edge,
          nicolae_sub_lair_graze_edge, nicolae_sub_lair_graze_edge]
Lair:5:   hangedman_lair_in_review, layout_loops_ring,
          hangedman_lair_caniforms_friends, slime_entry_1,
          gammafunk_ghost_wrathful_warriors, minmay_lair_drake_nest
Swamp:1:  layout_basic_swamp, evilmike_swamp_ruin_house_5
Swamp:2:  layout_basic_swamp, evilmike_swamp_ruin_rubble_2, uniq_nikola
Swamp:3:  layout_falls_marsh, evilmike_swamp_ruin_house_2,
          nicolae_swamp_stair_fork
Swamp:4:  swamp_vile, layout_basic_swamp, swamp_pool1
Spider:1: layout_spider_delve, nicolae_spider_wall_of_niches
Spider:2: layout_spider_delve
Spider:3: nicolae_spider_hilbert_zone_5 [nicolae_spider_hilbert_3_sides_1_open,
          nicolae_spider_hilbert_4_sides_1_open,
          nicolae_spider_hilbert_4_sides_1_open,
          nicolae_spider_hilbert_6_sides_1_open,
          nicolae_spider_hilbert_6_sides_1_open],
          nicolae_spider_twisty_arc_passages, uniq_donald
Spider:4: grunt_spider_rune_circles, drop_trap, uniq_louise, uniq_aizul,
          uniq_arachne, uniq_roxanne
Orc:1:    layout_caves, ebering_ghost_xom, nicolae_shop_firing_range
Orc:2:    st_orc_town, layout_caves, serial_shops, shop
Elf:1:    elf_arrival_001, layout_onion_city, serial_shops, shop,
          hangedman_elven_crosses_minicolossus, moated_statue
Elf:2:    elven_hall_of_blades_hangedman_original [grunt_blade_entry_basic],
          layout_gridlike, basic_altar, serial_shops,
          nicolae_shop_hallway_stairs
Elf:3:    minmay_elf_hall_hex, layout_loops_corners, nicolae_elf_martial_mastery
Vaults:1: nicolae_vaults_shelves_hall, nicolae_vaults_little_squares_3,
          v_misc_16, nicolae_vaults_closet_pinwheel_3, nicolae_vaults_wrenched,
          ontoclasm_vaults_fault, v_misc_5, vaults_room_corners,
          vaults_room_pool, layout_vaults_omnigrid
Vaults:2: nicolae_vaults_sightless_eye, nicolae_vaults_trapezoid_lopsided_2,
          grunt_vaults_funnel, minmay_crypt_entry_simple_statues,
          vaults_mumra_hexcomb, nicolae_vaults_trapezoid_lopsided_2,
          nicolae_vaults_closet_pinwheel_2, hangedman_vaults_snaps,
          vaults_mumra_minichess_inversion, ontoclasm_vaults_twist,
          ontoclasm_vaults_shout, layout_vaults_maze_snakey, serial_shops,
          nicolae_shop_window_shopping, nicolae_shop_hallway_stairs, shop, shop,
          shop_fountains
Vaults:3: nicolae_vaults_hexular_roomagon, hangedman_vaults_maws, v_rooms_2,
          nicolae_vaults_arrows, vaults_dpeg_ring, v_misc_16,
          hangedman_vaults_maws, nicolae_vaults_angled_halls,
          nicolae_vaults_trapezoid_lopsided_4, nicolae_vaults_diamond_2,
          grunt_vaults_hallway_short, layout_vaults_omnicross, uniq_bai_suzhen
Vaults:4: nicolae_vaults_storage_closets_1, nicolae_vaults_double_plus_1,
          nicolae_vaults_more_shelving_2, nicolae_vaults_ellipses_ellipsis,
          vaults_mumra_minichess, v_rooms_3, v_pattern_3, nicolae_vaults_theta,
          nicolae_vaults_tetromino_Z_1, nicolae_vaults_house_1,
          nicolae_vaults_house_2, layout_vaults_ring, serial_shops,
          nicolae_shop_tiny_real_fake_doors, uniq_zenata, uniq_boris
Vaults:5
Crypt:1:  layout_chaotic_city, nzn_ghost_randoct, st_stairs_7,
          lemuel_statue_altar
Crypt:2:  layout_gridlike, basic_altar, grunt_megastairs_5
Crypt:3:  david_glass_crypt, layout_gridlike, nicolae_tomb_entry_grand_gallery,
          minmay_misc_feat_alley, minicrypt_bobbens
Tomb:1
Depths:1: layout_cave_shapes, hangedman_decor_lopped, hellmouth_1, serial_shops,
          nicolae_shop_statue_plus, nicolae_shop_mannequins, shop,
          abyss_entry_glasseish, lemuel_freeze_loot_1, grunt_megastairs_2,
          firewood_loft, uniq_sojobo
Depths:2: minmay_box_of_statues, layout_cave_pools, grunt_metal_band,
          serial_column_ruins, column_ruins_portal_squares, column_ruins_grid_1,
          column_ruins_grid_3, column_ruins_open_tiny, column_ruins_open_small,
          fiery_altar_vehumet, pan_entry, ashenzari_altar_1, uniq_josephina
Depths:3: nicolae_BIG_FREAKIN_CUBE, layout_cave_pools, hell_entry,
          hangedman_abyss_entry_splay, nrook_campfire, serial_bayou_crossing,
          infiniplex_staircase_spiral, uniq_grunn
Depths:4: evilmike_zot_entry_diamond, layout_gridlike, enter_ziggurat_c,
          nicolae_hepliaklqana_hazy_memory, pf_hell_entry_tar_river,
          abyss_entry_crystal, serial_bayou_shore_b, uniq_enchantress,
          uniq_mennas
Hell
Coc:1:    layout_cocytus_water_paths
Coc:2:    layout_ice_bergs
Coc:3:    layout_cocytus_delve
Coc:4:    layout_cocytus_water_paths
Zot:1:    layout_cathedral_of_symmetry
Zot:2:    dreamdust_black_sun_cult, layout_concentric_octagons,
          st_large_dragon_hoard_2
Zot:3:    layout_misc_corridors, amethyst_zot_foddershock, lemuel_elevator
Zot:4:    layout_twisted_circle

Skill      XL: |  1  2  3  4  5  6  7  8  9 10 11 12 13 14 15 16 17 18 19 20 21 22 23 24 25 26 27 |
---------------+----------------------------------------------------------------------------------+-----
Axes           | 3 4 5 7 8 9 11 13 14 16 18 | 18.0
Invocations    | 1 3 4 5 6 7 8 9 10 11 12 20 | 20.6
Dodging        | 2 3 4 5 6 9 10 11 12 13 14 15 16 17 27 | 27.0
Fighting       | 4 5 7 8 11 14 16 17 18 20 21 22 23 24 25 27 | 27.0
Shields        | 4 5 8 10 11 12 14 16 17 19 20 21 22 23 24 25 27 | 27.0
Armour         | 4 6 11 13 17 18 19 20 21 22 27 | 27.0
Evocations     | 1 4 5 6 |  6.4
Necromancy     | 4 |  4.9
Transmutations | 3 18 | 18.3
Spellcasting   | 3 22 | 22.2
Fire Magic     | 15 | 15.5
Translocations | 8 |  8.0
Earth Magic    | 18 | 18.4

Action                     |  1- 3 |  4- 6 |  7- 9 | 10-12 | 13-15 | 16-18 | 19-21 | 22-24 | 25-27 || total
---------------------------+-------+-------+-------+-------+-------+-------+-------+-------+-------++-------
  Melee: War axe           |    50 |    77 |   298 |   492 |   528 |       |       |       |       ||  1445
         Peck              |     9 |     9 |    46 |   104 |   172 |   266 |   251 |   327 |  2633 ||  3817
         Kick              |     9 |    24 |    69 |   159 |   271 |   435 |   412 |   522 |  4477 ||  6378
         Morningstar       |       |       |       |       |    12 |       |       |       |       ||    12
         Broad axe         |       |       |       |       |   144 |  1021 |   947 |  1133 |  9531 || 12776
  Throw: Dart              |       |     1 |       |    52 |     6 |     2 |       |       |       ||    61
         Throwing net      |       |       |       |       |       |     1 |       |       |     1 ||     2
   Cast: Blink             |       |       |       |       |       |       |       |       |     2 ||     2
         Statue Form       |       |       |       |       |       |       |       |       |     2 ||     2
         Passage of Golubr |       |       |       |       |       |       |       |       |     2 ||     2
         Wereblood         |       |       |       |       |       |       |       |       |     1 ||     1
 Invoke: Heroism           |       |       |     1 |     3 |     3 |    14 |     9 |    11 |     5 ||    46
         Finesse           |       |       |       |       |       |     3 |     1 |     2 |     1 ||     7
         Divine Shield     |       |       |       |       |       |       |       |       |    12 ||    12
         Summon Divine War |       |       |       |       |       |       |       |       |     1 ||     1
         Vitalisation      |       |       |       |       |       |       |       |       |    71 ||    71
         Recite            |       |       |       |       |       |       |       |       |     3 ||     3
         Imprison          |       |       |       |       |       |       |       |       |     2 ||     2
         Sanctuary         |       |       |       |       |       |       |       |       |     1 ||     1
         Cleansing Flame   |       |       |       |       |       |       |       |       |     1 ||     1
         Brand Weapon With |       |       |       |       |       |       |       |       |     1 ||     1
  Evoke: Wand              |       |       |       |    13 |       |     5 |     1 |     1 |       ||    20
    Use: Scroll            |       |       |       |    16 |    10 |    19 |     1 |     3 |     9 ||    58
         Potion            |       |       |       |     5 |     1 |     2 |     3 |    10 |    26 ||    47
   Stab: Paralysed         |       |       |       |       |       |     2 |       |       |     2 ||     4
         Distracted        |       |       |       |       |       |       |       |     1 |     5 ||     6
 Armour: Scale mail        |    28 |    26 |       |       |       |       |       |       |       ||    54
         Plate armour      |       |    21 |    60 |       |       |       |       |       |       ||    81
         Chain mail        |       |       |    51 |   117 |       |       |       |       |       ||   168
         Crystal plate arm |       |       |       |    35 |   466 |   569 |   260 |   446 |  1463 ||  3239
  Dodge: Dodged            |    18 |    31 |   108 |   136 |   106 |   380 |   265 |   544 |  3104 ||  4692
  Block: Buckler           |    13 |     6 |    41 |       |       |       |       |       |       ||    60
         Kite shield       |       |       |       |   209 |   391 |   613 |    83 |   812 |    25 ||  2133
         Tower shield      |       |       |       |       |       |   219 |   594 |       |  7803 ||  8616
         Reflection        |       |       |       |       |       |       |     9 |    35 |     1 ||    45
